Workbook
Name AREAS_ARQ: [1]Consolidado!$G$7:$BM$276
Name IOM: [2]Valores!$A$3:$A$7
Name SUELO_UTIL: [1]SUELO_UTIL!$E$2:$V$997

Sheet DATOS 
A1: No | B1: UPL | D1: RENOVACIÓN URBANA
A2: 1 | B2: SUMAPAZ | D2: REVITALIZACIÓN POR LICENCIAMIENTO
A3: 2 | B3: USME | D3: REVITALIZACIÓN POR PLAN PARCIAL
A4: 3 | B4: LUCERO | D4: ÁREA INTEGRADORA MULTIMODAL -AIM
A5: 4 | B5: ARBORIZADORA
A6: 5 | B6: RAFAEL URIBE | D6: ÁREA DE ACTIVIDAD
A7: 6 | B7: ENTRENUBES | D7: Área de Actividad Grandes Servicios Metropolitanos - AAGSM
A8: 7 | B8: SAN CRISTÓBAL | D8: Área de Actividad Estructurante - AAE - Receptora de actividades económicas
A9: 8 | B9: CENTRO HISTÓRICO | D9: Área de Actividad Estructurante - AAE - Receptora de vivienda de interés social
A10: 9 | B10: CHAPINERO | D10: Área de Actividad de Proximidad - AAP - Receptora de soportes urbanos
A11: 10 | B11: USAQUÉN | D11: Área de Actividad de Proximidad - AAP- Generadora de soportes urbanos
A12: 11 | B12: TOBERÍN
A13: 12 | B13: TORCA
A14: 13 | B14: TIBABUYES
A15: 14 | B15: ENGATIVÁ
A16: 15 | B16: FONTIBÓN
A17: 16 | B17: TINTAL
A18: 17 | B18: PATIO BONITO
A19: 18 | B19: PORVENIR
A20: 19 | B20: EDÉN
A21: 20 | B21: BOSA
A22: 21 | B22: KENNEDY
A23: 22 | B23: TUNJUELITO
... A33: 32 | B33: SALITRE

Sheet 01
A1: TRATAMIENTO DE RENOVACIÓN URBANA | C1: ÁREA DE ACTIVIDAD | E1: No. MODELACIÓN
A2: ÁREA INTEGRADORA MULTIMODAL -AIM | C2: Área de Actividad Estructurante - AAE - Receptora de vivienda de interés social | E2: 1
A12: UPL | C12: 9 | D12: CHAPINERO
A13: Dirección | D13: CL 72 C 15
A14: Tipología arquitectónica | D14: Loteo con antejardín
A15: Número de pisos promedio | C15: UND | D15: 2 a 4
A16: Valor comercial de referencia del predio (Vref) | C16: COP | D16: 6300000 | E16: (IDECA 2020)
A17: Valor comercial de referencia del predio traslado VIS/VIP (Vref) | C17: COP | D17: 0
A18: Identificador único de la manzana | C18: COD. | D18: 8306010
A19: Número de predios incluidos en el proyectos | C19: UND | D19: 109
A20: Moradores iniciales aproximados | C20: UND | D20: =+D19*2.2 -> 239.8
A21: ÁREA DEL PREDIO
A22: Englobe (número de lotes) | C22: UND | D22: 26
A23: Área del Predio - AT | C23: M2 | D23: 16163.5
A24: Afectación o reserva vial | C24: M2 | D24: 0 | E24: Artículo 435/625 | F24: Incentivo
A25: Espacio público a reconfigurar | C25: M2 | D25: 58.6
A26: Área del predio para cálculo de la obligaciones urbanísticas | C26: M2 | D26: =+D23-D24-D25 -> 16104.9 | E26: =+D26/D23 -> 0.99637455
A27: Área a ceder en suelo para equipamiento PP (ACES) | C27: M2 | D27: =+(IF(D$34<=7,0,IF(D$34<=44,(D33*0.03)))) -> 0 | E27: =+D27/D26 -> 0
A28: Área a ceder en suelo para espacio público (CS) | C28: M2 | D28: =+(IF(D$61<=300,0,IF(D$61>=300,(D61)))) -> 5636.715 | E28: =+D28/D26 -> 0.35
A29: Área útil resultante | D29: =+D26-D27-D28 -> 10468.185
A30: ÍNDICES DE CONSTRUCCIÓN
A31: Área total construida | C31: M2 | D31: =+C106 -> 153879.18
A32: Índice de Construcción total | C32: % | D32: =+D31/D26 -> 9.5548053
A33: Edificabilidad efectiva (ICe) | C33: M2 | D33: =+C107 -> 99815.34 | E33: Artículo 266
A34: Índice Efectivo ICe | C34: % | D34: =+D33/D26 -> 6.1978243 | E34: IC > 6,0 - 7.0 pasa a PP
A35: Edificabilidad base (Ic base) | C35: M2 | D35: =+D26*D36 -> 20936.37 | E35: =+D35/D31 -> 0.13605719
A36: Índice básico de Construcción (IC base) | C36: % | D36: 1.3 | E36: Artículo 309
A37: ÍNDICE DE OCUPACIÓN I.O
A38: Índice de Ocupación I.O | C38: % | D38: =+D39/D26 -> 0.45112357
A39: Área ocupada primer piso | C39: M2 | D39: =+E146+E159+E172 -> 7265.3 | E39: =+D39/D26 -> 0.45112357
A40: PRODUCTOS INMOBILIARIOS Y COMERCIALES
A41: Altura en pisos por torre | C41: UND | D41: =+C157 -> 25
A42: Pisos habitables por torre | C42: UND | D42: =+D41-C146-C150 -> 23
A43: Área servicios vendible (aprox) | C43: M2 | D43: =+(C111)*0.8 -> 4080
A44: Área comercial vendible (aprox) | C44: M2 | D44: =+(C110)*0.8 -> 5492.24
A45: Número total de apartamentos (42m2) | C45: UND | D45: =+D46+D47 -> 2169
A46: Número de apartamentos NO VIS/VIP (42m2) | C46: UND | D46: =+ROUND(C112/52,0) -> 1689
A47: Número de apartamentos VIS/VIP (42m2) | C47: UND | D47: =+D48+D49 -> 480
A48: Número de apartamentos VIS (42m2) | C48: UND | D48: =+ROUND((D57*0.6)/52,0) -> 288 | E48: Obligación e incentivos Artículo 314 | F48: =D48+D49 -> 480
A49: Número de apartamentos VIP (42m2) | C49: UND | D49: =+ROUND((D57*0.4)/52,0) -> 192 | F49: =F48*42 -> 20160
A50: Número de estacionamientos privados vendibles | C50: UND | D50: =+E96+E97 -> 1174 | F50: =F49/D57 -> 0.80789185
A51: Número de estacionamientos comunales no vendibles | C51: UND | D51: =+E94 -> 222
A52: OBLIGACIÓN VIS/VIP
A53: Porcentajes obligatorios para la construcción de VIS (15%) | C53: M2 | D53: =+D33*0.15 -> 14972.301 | E53: Artículo 314 | F53: ART 311, ES EL 10% Y EL 20%
A54: Porcentajes obligatorios para la construcción de VIP (10%) | C54: M2 | D54: =+D33*0.1 -> 9981.534
A55: Área total obligación VIS/VIP | D55: =+D53+D54 -> 24953.835
A56: Traslado a UPL (VIS/VIP) | C56: M2 | D56: =IF(D$81>0,0,IF(D$57>0,0,IF(D$57<=0,((D53+D54)*(D17/D16))))) -> 0 | E56: =+(IF(D$57>0,0,IF(D$57<=0,((D53+D54)*(D17/D16))))) -> 0
A57: Área total obligación VIS/VIP en sitio | C57: M2 | D57: =+D55 -> 24953.835 | E57: Artículo 315_3
A58: OBLIGACIÓN CESIONES ESPACIO PÚBLICO
A59: Factor de cálculo para obligación en suelo (Fs) | C59: M2 | D59: =+(IF($D$34<=1.3,0,IF($D$34<=2,0.2,IF($D$34<=3,0.27,IF($D$34<=4,0.38,IF($D$34<=5,0.51,IF($D$34<=6,0.65,IF($D$34<=11,0.79)))))))*D26) -> 12722.871 | E59: =+D59/D26 -> 0.79
A60: Factor de cálculo para pago compensatorio en dinero (Fd) | C60: M2 | D60: =+(IF($D$34<=1.3,0,IF($D$34<=3,0.07,IF($D$34<=4,0.18,IF($D$34<=5,0.26,IF($D$34<=6,0.35,IF($D$34<=11,0.44)))))))*D26 -> 7086.156 | E60: =+D60/D26 -> 0.44 | F60: =+D26*E60-D60 -> 0
A61: Factor de cálculo de la cesión en suelo para espacio público en sitio (Fep) | C61: M2 | D61: =+(IF($D$34<=1.3,0,IF($D$34<=2,0.2,IF($D$34<=3,0.2,IF($D$34<=4,0.2,IF($D$34<=5,0.25,IF($D$34<=6,0.3,IF($D$34<=11,0.35)))))))*D26) -> 5636.715 | E61: =+D61/D26 -> 0.35 | F61: =+D26*E61-D61 -> 0
A62: 1 | B62: Malla vial | C62: M2 | D62: 40.9 | E62: A2/L6/L7 (Artículo 158)
A63: 2 | B63: Control ambiental | C63: M2 | D63: 712.2 | E63: Artículo 158
B64: Control ambiental para epacio público | C64: M3 | D64: =+D63/2 -> 356.1
A65: 3 | B65: Área de encuentro | C65: M2 | D65: =+D61-D62-D64 -> 5239.715 | E65: Artículo 413
A66: INDICADORES DE ESPACIO PÚBLICO Y DENSIDAD
A67: Viviendas/Hectárea útil | C67: Has | D67: =D45/D26*10000 -> 1346.7951
A68: Número de habitantes aproximados | C68: UND | D68: =+D45*2.2 -> 4771.8
A69: Indicadores de espacio público total y efectivo (privado + público) | C69: M2 | D69: =+(D71+D72)/D68 -> 1.8098443 | E69: Artículo 132
A70: Indicador de espacio público por habitante (público) | C70: M2 | D70: =+D71/D68 -> 1.1812555
A71: Espacio público producto de la cesión urbanística | C71: M2 | D71: =+D28 -> 5636.715
A72: Espacio privado afecto al uso público - APAUP | C72: M2 | D72: =+D90 -> 2999.5
A73: APORTES EN DINERO
A74: APORTE TOTAL EN DINERO | C74: COP | D74: =+D75-(D76+D77)+D78+D79+D80+D81 -> 4.4900315e+10
A75: pago compensatorio por m2 adicional destinado a estacionamientos | C75: COP | D75: =+D97*(D16*0.1) -> 6288366420 | E75: Artículo 425_1
A76: 1 | B76: Incentivos reactivación económica Post-COVID 19 AAGSM | C76: COP | D76: 0 | E76: D43*0,4 (Art .316)
B77: Incentivos reactivación económica Post-COVID 19 AAEND | C77: COP | D77: =+D78*0.25 -> 11160695700 | E77: D43*0,25 (Art .316) | F77: =100-75 -> 25
A78: Aporte compensatorio en Dinero - CSp (Fd) | C78: COP | D78: =+D60*D16 -> 44642782800 | E78: Artículo 310_6
A79: Aporte en dinero para redes de servicios públicos locales (OSP) | C79: COP | D79: =+D59*D16*0.064 -> 5.1298616e+09 | E79: Artículo 311
A80: Aporte en dinero de espacio público con destinación específica (EP) | C80: COP | D80: =(IF(D$61>=300,0,IF(D$61<=299,(D$61*(D16+200000))))) -> 0 | E80: Artículo 310_7
A81: Compra de derechos fiduciarios en los portafolios (VIS/VIP) | C81: COP | D81: =+(IF(D$57>0,0,IF(D$57<=0,(0.18*(D53+D54)*D16)))) -> 0 | E81: Artículo 315_4
A82: EQUIPAMIENTO COMUNAL PRIVADO
A83: Total unidades de vivienda VIS/VIP | C83: UND | D83: =+D48+D49 -> 480
A84: Vivienda VIS/VIP hasta 150 unidades | C84: M2 | D84: =+(150)*6 -> 900 | E84: Artículo 409
A85: Vivienda VIS/VIP más 150 unidades | C85: M2 | D85: =+(D83-150)*8.5 -> 2805
A86: Vivienda NO VIS/VIP | C86: M2 | D86: =(D46*42)/80*10 -> 8867.25
A87: TOTAL ÁREA EQUIPAMIENTO COMUNAL | C87: M2 | D87: =+D86+D84+D85 -> 12572.25
A88: Zonas verdes y recreativas en áreas libres | C88: M2 | D88: =+D87*0.5 -> 6286.125 | E88: Artículo 408
A89: cubiertas | C89: M2 | D89: =+D88-D90-D91 -> 3286.625 | E89: =+D89/D88 -> 0.522838
A90: Antejardines, zonas verdes privadas o plazoletas | C90: M2 | D90: =471.1+113.2+2415.2 -> 2999.5 | E90: =+D90/D88 -> 0.477162
A91: Patios interiores | C91: M2 | D91: 0 | E91: =+D91/D88 -> 0
A92: Servicios comunales en áreas construidas | C92: M2 | D92: =+D87*0.2 -> 2514.45 | E92: Artículo 409
A93: ESTACIONAMIENTOS | D93: ÁREA | E93: No.
A94: Estacionamientos adicionales para visitantes (art. 409) | C94: M2 | D94: =+D87-D88-D92 -> 3771.675 | E94: =++ROUND(D94/17,0) -> 222
A95: Estacionamientos % área mínima (art. 424) | C95: M2 | D95: =+D57*0.05 -> 1247.6917 | E95: =++ROUND(D95/17,0) -> 73 | F95: obligación vis/vip sobre el %
A96: Estacionamientos % área máxima (art. 424) | C96: M2 | D96: =+D33*0.1 -> 9981.534 | E96: =++ROUND(D96/17,0) -> 587
A97: Estacionamientos % área adicional (art. 424) | C97: M2 | D97: =+D33*0.1 -> 9981.534 | E97: =++ROUND(D97/17,0) -> 587
A98: TOTAL ESTACIONAMIENTOS | C98: M2 | D98: =+D94+D96+D97 -> 23734.743 | E98: =+E94+E96+E97 -> 1396
A99: Medidas para el fomento del uso de la bici vivienda (art.426) | C99: M2 | D99: =+E99*1.25 -> 2711.25 | E99: =+D45 -> 2169
A100: Medidas para el fomento del uso de la bici otros usos (art.426) | C100: M2 | D100: =+E100*1.25 -> 149.56625 | E100: =+((D43+D44)*1.25)/100 -> 119.653
A101: **NÚMERO SÓTANOS | D101: =+D98+D100+D99 -> 26595.559 | E101: =+D101/D29 -> 2.5406084
A102: GESTIÓN INTEGRAL DE RESIDUOS
A103: Sistema de gestión integral de residuos | C103: M2 | D103: =+((D45/35)*3)+2 -> 187.91429 | E103: Artículo 193
A104: USOS
A105: RESUMEN ÁREAS POR TORRE
A106: ÁREA TOTAL CONSTRUIDA TORRES | C106: =+C108+C110+C111+C112+C113+C115 -> 153879.18
A107: ÁREA TOTAL CONSTRUIDO USOS PARA ICe | C107: =+C110+C111+C112 -> 99815.34
A108: Equipamiento comunal privado (OBLIGACIÓN) | C108: =+D92 -> 2514.45
A109: Equipamiento comunal privado cubierto (TORRES) | C109: =+C117+C122+C127+C132+C138 -> 2565.3
...

Sheet 01a
A1: TRATAMIENTO DE RENOVACIÓN URBANA | C1: ÁREA DE ACTIVIDAD | E1: No. MODELACIÓN
A2: ÁREA INTEGRADORA MULTIMODAL -AIM | C2: Área de Actividad Estructurante - AAE - Receptora de vivienda de interés social | E2: 1a
A12: UPL | C12: 9 | D12: CHAPINERO
A13: Dirección | D13: CL 72 C 15
A14: Tipología arquitectónica | D14: Loteo con antejardín
A15: Número de pisos promedio | C15: UND | D15: 2 a 4
A16: Valor comercial de referencia del predio (Vref) | C16: COP | D16: 6300000 | E16: (IDECA 2020)
A17: Valor comercial de referencia del predio traslado VIS/VIP (Vref) | C17: COP | D17: 0
A18: Identificador único de la manzana | C18: COD. | D18: 8306010
A19: Número de predios incluidos en el proyectos | C19: UND | D19: 109
A20: Moradores iniciales aproximados | C20: UND | D20: =+D19*2.2 -> 239.8
A21: ÁREA DEL PREDIO
A22: Englobe (número de lotes) | C22: UND | D22: 26
A23: Área del Predio - AT | C23: M2 | D23: 16163.5
A24: Afectación o reserva vial | C24: M2 | D24: 0 | E24: Artículo 435/625 | F24: Incentivo
A25: Espacio público a reconfigurar | C25: M2 | D25: 58.6
A26: Área del predio para cálculo de la obligaciones urbanísticas | C26: M2 | D26: =+D23-D24-D25 -> 16104.9 | E26: =+D26/D23 -> 0.99637455
A27: Área a ceder en suelo para equipamiento PP (ACES) | C27: M2 | D27: =+(IF(D$34<=11,0,IF(D$34<=44,(D33*0.03)))) -> 0 | E27: =+D27/D26 -> 0
A28: Área a ceder en suelo para espacio público (CS) | C28: M2 | D28: =+(IF(D$61<=300,0,IF(D$61>=300,(D61)))) -> 5636.715 | E28: =+D28/D26 -> 0.35
A29: Área útil resultante | D29: =+D26-D27-D28 -> 10468.185
A30: ÍNDICES DE CONSTRUCCIÓN
A31: Área total construida | C31: M2 | D31: =+C106 -> 158537.18
A32: Índice de Construcción total | C32: % | D32: =+D31/D26 -> 9.8440336
A33: Edificabilidad efectiva (ICe) | C33: M2 | D33: =+C107 -> 124980.3 | E33: Artículo 266
A34: Índice Efectivo ICe | C34: % | D34: =+D33/D26 -> 7.7603897 | E34: IC > 6,0 - 7.0 pasa a PP
A35: Edificabilidad base (Ic base) | C35: M2 | D35: =+D26*D36 -> 20936.37 | E35: =+D35/D31 -> 0.13205969
A36: Índice básico de Construcción (IC base) | C36: % | D36: 1.3 | E36: Artículo 309
A37: ÍNDICE DE OCUPACIÓN I.O
A38: Índice de Ocupación I.O | C38: % | D38: =+D39/D26 -> 0.45112357
A39: Área ocupada primer piso | C39: M2 | D39: =+E146+E159+E172 -> 7265.3 | E39: =+D39/D26 -> 0.45112357
A40: PRODUCTOS INMOBILIARIOS Y COMERCIALES
A41: Altura en pisos por torre | C41: UND | D41: =+C157 -> 25
A42: Pisos habitables por torre | C42: UND | D42: =+D41-C146-C150 -> 23
A43: Área servicios vendible (aprox) | C43: M2 | D43: =+(C111)*0.8 -> 4240
A44: Área comercial vendible (aprox) | C44: M2 | D44: =+(C110)*0.8 -> 5492.24
A45: Número total de apartamentos (42m2) | C45: UND | D45: =+D46+D47 -> 2170
A46: Número de apartamentos NO VIS/VIP (42m2) | C46: UND | D46: =+ROUND(C112/52,0) -> 2170
A47: Número de apartamentos VIS/VIP (42m2) | C47: UND | D47: =+D48+D49 -> 0
A48: Número de apartamentos VIS (42m2) | C48: UND | D48: =+ROUND((D57*0.6)/52,0) -> 0 | E48: Obligación e incentivos Artículo 314
A49: Número de apartamentos VIP (42m2) | C49: UND | D49: =+ROUND((D57*0.4)/52,0) -> 0
A50: Número de estacionamientos privados vendibles | C50: UND | D50: =+E96+E97 -> 1470
A51: Número de estacionamientos comunales no vendibles | C51: UND | D51: =+E94 -> 201
A52: OBLIGACIÓN VIS/VIP
A53: Porcentajes obligatorios para la construcción de VIS (15%) | C53: M2 | D53: =+D33*0.15 -> 18747.045 | E53: Artículo 314
A54: Porcentajes obligatorios para la construcción de VIP (10%) | C54: M2 | D54: =+D33*0.1 -> 12498.03
A55: Área total obligación VIS/VIP | D55: =+D53+D54 -> 31245.075
A56: Traslado a UPL (VIS/VIP) | C56: M2 | D56: =IF(D$81>0,0,IF(D$57>0,0,IF(D$57<=0,((D53+D54)*(D17/D16))))) -> 0 | E56: =+(IF(D$57>0,0,IF(D$57<=0,((D53+D54)*(D17/D16))))) -> 0
A57: Área total obligación VIS/VIP en sitio | C57: M2 | D57: 0 | E57: Artículo 315_3
A58: OBLIGACIÓN CESIONES ESPACIO PÚBLICO
A59: Factor de cálculo para obligación en suelo (Fs) | C59: M2 | D59: =+(IF($D$34<=1.3,0,IF($D$34<=2,0.2,IF($D$34<=3,0.27,IF($D$34<=4,0.38,IF($D$34<=5,0.51,IF($D$34<=6,0.65,IF($D$34<=11,0.79)))))))*D26) -> 12722.871 | E59: =+D59/D26 -> 0.79
A60: Factor de cálculo para pago compensatorio en dinero (Fd) | C60: M2 | D60: =+(IF($D$34<=1.3,0,IF($D$34<=3,0.07,IF($D$34<=4,0.18,IF($D$34<=5,0.26,IF($D$34<=6,0.35,IF($D$34<=11,0.44)))))))*D26 -> 7086.156 | E60: =+D60/D26 -> 0.44 | F60: =+D26*E60-D60 -> 0
A61: Factor de cálculo de la cesión en suelo para espacio público en sitio (Fep) | C61: M2 | D61: =+(IF($D$34<=1.3,0,IF($D$34<=2,0.2,IF($D$34<=3,0.2,IF($D$34<=4,0.2,IF($D$34<=5,0.25,IF($D$34<=6,0.3,IF($D$34<=11,0.35)))))))*D26) -> 5636.715 | E61: =+D61/D26 -> 0.35 | F61: =+D26*E61-D61 -> 0
A62: 1 | B62: Malla vial | C62: M2 | D62: 40.9 | E62: A2/L6/L7 (Artículo 158)
A63: 2 | B63: Control ambiental | C63: M2 | D63: 712.2 | E63: Artículo 158
B64: Control ambiental para epacio público | C64: M3 | D64: =+D63/2 -> 356.1
A65: 3 | B65: Área de encuentro | C65: M2 | D65: =+D61-D62-D64 -> 5239.715 | E65: Artículo 413
A66: INDICADORES DE ESPACIO PÚBLICO Y DENSIDAD
A67: Viviendas/Hectárea útil | C67: Has | D67: =D45/D26*10000 -> 1347.416
A68: Número de habitantes aproximados | C68: UND | D68: =+D45*2.2 -> 4774
A69: Indicadores de espacio público total y efectivo (privado + público) | C69: M2 | D69: =+(D71+D72)/D68 -> 1.8090103 | E69: Artículo 132
A70: Indicador de espacio público por habitante (público) | C70: M2 | D70: =+D71/D68 -> 1.1807111
A71: Espacio público producto de la cesión urbanística | C71: M2 | D71: =+D28 -> 5636.715
A72: Espacio privado afecto al uso público - APAUP | C72: M2 | D72: =+D90 -> 2999.5
A73: APORTES EN DINERO
A74: APORTE TOTAL EN DINERO | C74: COP | D74: =+D75-(D76+D77)+D78+D79+D80+D81 -> 7.9685483e+10
A75: pago compensatorio por m2 adicional destinado a estacionamientos | C75: COP | D75: =+D97*(D16*0.1) -> 7.8737589e+09 | E75: Artículo 425_1
A76: 1 | B76: Incentivos reactivación económica Post-COVID 19 AAGSM | C76: COP | D76: 0 | E76: D43*0,4 (Art .316)
B77: Incentivos reactivación económica Post-COVID 19 AAEND | C77: COP | D77: =+D78*0.3 -> 13392834840 | E77: D43*0,25 (Art .316) | F77: =100-75 -> 25
A78: Aporte compensatorio en Dinero - CSp (Fd) | C78: COP | D78: =+D60*D16 -> 44642782800 | E78: Artículo 310_6
A79: Aporte en dinero para redes de servicios públicos locales (OSP) | C79: COP | D79: =+D59*D16*0.064 -> 5.1298616e+09 | E79: Artículo 311
A80: Aporte en dinero de espacio público con destinación específica (EP) | C80: COP | D80: =(IF(D$61>=300,0,IF(D$61<=299,(D$61*(D16+200000))))) -> 0 | E80: Artículo 310_7
A81: Compra de derechos fiduciarios en los portafolios (VIS/VIP) | C81: COP | D81: =+(IF(D$57>0,0,IF(D$57<=0,(0.18*(D53+D54)*D16)))) -> 35431915050 | E81: Artículo 315_4
A82: EQUIPAMIENTO COMUNAL PRIVADO
A83: Total unidades de vivienda VIS/VIP | C83: UND | D83: =+D48+D49 -> 0
A84: Vivienda VIS/VIP hasta 150 unidades | C84: M2 | D84: 0 | E84: Artículo 409
A85: Vivienda VIS/VIP más 150 unidades | C85: M2 | D85: 0
A86: Vivienda NO VIS/VIP | C86: M2 | D86: =(D46*42)/80*10 -> 11392.5
A87: TOTAL ÁREA EQUIPAMIENTO COMUNAL | C87: M2 | D87: =+D86+D84+D85 -> 11392.5
A88: Zonas verdes y recreativas en áreas libres | C88: M2 | D88: =+D87*0.5 -> 5696.25 | E88: Artículo 408
A89: cubiertas | C89: M2 | D89: =+D88-D90-D91 -> 2696.75 | E89: =+D89/D88 -> 0.4734255
A90: Antejardines, zonas verdes privadas o plazoletas | C90: M2 | D90: =471.1+113.2+2415.2 -> 2999.5 | E90: =+D90/D88 -> 0.5265745
A91: Patios interiores | C91: M2 | D91: 0 | E91: =+D91/D88 -> 0
A92: Servicios comunales en áreas construidas | C92: M2 | D92: =+D87*0.2 -> 2278.5 | E92: Artículo 409
A93: ESTACIONAMIENTOS | D93: ÁREA | E93: No.
A94: Estacionamientos adicionales para visitantes (art. 409) | C94: M2 | D94: =+D87-D88-D92 -> 3417.75 | E94: =++ROUND(D94/17,0) -> 201
A95: Estacionamientos % área mínima (art. 424) | C95: M2 | D95: =+D57*0.05 -> 0 | E95: =++ROUND(D95/17,0) -> 0 | F95: obligación vis/vip sobre el %
A96: Estacionamientos % área máxima (art. 424) | C96: M2 | D96: =+D33*0.1 -> 12498.03 | E96: =++ROUND(D96/17,0) -> 735
A97: Estacionamientos % área adicional (art. 424) | C97: M2 | D97: =+D33*0.1 -> 12498.03 | E97: =++ROUND(D97/17,0) -> 735
A98: TOTAL ESTACIONAMIENTOS | C98: M2 | D98: =+D94+D96+D97 -> 28413.81 | E98: =+E94+E96+E97 -> 1671
A99: Medidas para el fomento del uso de la bici vivienda (art.426) | C99: M2 | D99: =+E99*1.25 -> 2712.5 | E99: =+D45 -> 2170
A100: Medidas para el fomento del uso de la bici otros usos (art.426) | C100: M2 | D100: =+E100*1.25 -> 152.06625 | E100: =+((D43+D44)*1.25)/100 -> 121.653
A101: **NÚMERO SÓTANOS | D101: =+D98+D100+D99 -> 31278.376 | E101: =+D101/D29 -> 2.9879465
A102: GESTIÓN INTEGRAL DE RESIDUOS
A103: Sistema de gestión integral de residuos | C103: M2 | D103: =+((D45/35)*3)+2 -> 188 | E103: Artículo 193
A104: USOS
A105: RESUMEN ÁREAS POR TORRE
A106: ÁREA TOTAL CONSTRUIDA TORRES | C106: =+C108+C110+C111+C112+C113+C115 -> 158537.18
A107: ÁREA TOTAL CONSTRUIDO USOS PARA ICe | C107: =+C110+C111+C112 -> 124980.3
A108: Equipamiento comunal privado (OBLIGACIÓN) | C108: =+D92 -> 2278.5 | F108: =+C109+C110 -> 9230.6
A109: Equipamiento comunal privado cubierto (TORRES) | C109: =+C117+C122+C127+C132+C138 -> 2365.3
...

Sheet NORMA
D64: RESOLUCION 244 DE 2020

Sheet INMOB $$
B2: Area Construida | C2: 18522
A3: CAPITULOS | B3: ETAPA 1 | G3: Indexacion 2019
B4: Ppto Base | C4: Ppto Proyectado | D4: Diferencia | E4: Valor Capitulo Et 2 | F4: Valor M2 | G4: 0.045
A5: CAPITULO No. 2 OBRAS PRELIMINARES | B5: 3.8756845e+08 | C5: 3.238481e+08 | D5: =B5-C5 -> 63720354 | F5: =SUM(C5,E5)/$C$2 -> 17484.51 | G5: =F5*$G$4+F5 -> 18271.313
A6: CAPITULO No. 3 MOVIMIENTO DE TIERRAS | B6: 6.9429822e+08 | C6: 6.7606385e+08 | D6: =B6-C6 -> 18234372 | F6: =SUM(C6,E6)/$C$2 -> 36500.586 | G6: =F6*$G$4+F6 -> 38143.112
A7: CAPITULO No. 4 CIMENTACION | B7: 6.7134097e+09 | C7: 5.5645257e+09 | D7: =B7-C7 -> 1.148884e+09 | F7: =SUM(C7,E7)/$C$2 -> 300427.91 | G7: =F7*$G$4+F7 -> 313947.16
A8: CAPITULO No. 5 ESTRUCTURA | B8: 4.7663726e+09 | C8: 5.3742856e+09 | D8: =B8-C8 -> -6.0791294e+08 | E8: 2.8816903e+09 | F8: =SUM(C8,E8)/$C$2 -> 445738.9 | G8: =F8*$G$4+F8 -> 465797.15
A9: CAPITULO No. 6 CUBIERTAS | B9: 3.2970917e+08 | C9: 3.3660982e+08 | D9: =B9-C9 -> -6900653.4 | E9: 3.2970912e+08 | F9: =SUM(C9,E9)/$C$2 -> 35974.46 | G9: =F9*$G$4+F9 -> 37593.31
A10: CAPITULO No. 7 MAMPOSTERIA | B10: 1.0816605e+09 | C10: 1.2156565e+09 | D10: =B10-C10 -> -1.3399607e+08 | E10: 1.0848508e+09 | F10: =SUM(C10,E10)/$C$2 -> 124204.04 | G10: =F10*$G$4+F10 -> 129793.23
A11: CAPITULO No. 9 INSTALACIONES HIDROSANITARIAS - GAS | B11: 5.3499561e+08 | C11: 5.2666571e+08 | D11: =B11-C11 -> 8329898.5 | E11: 4.878481e+08 | F11: =SUM(C11,E11)/$C$2 -> 54773.449 | G11: =F11*$G$4+F11 -> 57238.254
A12: CAPITULO No. 10 INSTALACIONES ELECTRICAS | B12: 1.1765466e+09 | C12: 1.4057224e+09 | D12: =B12-C12 -> -2.291758e+08 | E12: 7.7102478e+08 | F12: =SUM(C12,E12)/$C$2 -> 117522.25 | G12: =F12*$G$4+F12 -> 122810.75
A13: CAPITULO No. 11 VENTILACION MECANICA - SISTEMAS EXTRACCION | B13: 54283421 | C13: 75270861 | D13: =B13-C13 -> -20987440 | F13: =SUM(C13,E13)/$C$2 -> 4063.8625 | G13: =F13*$G$4+F13 -> 4246.7363
A14: CAPITULO No. 12 PAÑETES - REVOQUES | B14: 3.1276532e+08 | C14: 4.5731076e+08 | D14: =B14-C14 -> -1.4454544e+08 | E14: 2.6924213e+08 | F14: =SUM(C14,E14)/$C$2 -> 39226.482 | G14: =F14*$G$4+F14 -> 40991.674
A15: CAPITULO No. 13 ENCHAPES - PORCELANATOS | B15: 6.3829243e+08 | C15: 5.2026673e+08 | D15: =B15-C15 -> 1.180257e+08 | E15: 4.219508e+08 | F15: =SUM(C15,E15)/$C$2 -> 50870.183 | G15: =F15*$G$4+F15 -> 53159.341
A16: CAPITULO No. 14 PISOS ACABADOS | B16: 3.7289761e+08 | C16: 4.2479836e+08 | D16: =B16-C16 -> -51900748 | E16: 3.8807632e+08 | F16: =SUM(C16,E16)/$C$2 -> 43886.982 | G16: =F16*$G$4+F16 -> 45861.896
A17: CAPITULO No. 15 CARPINTERIA MADERA | B17: 1.0820486e+09 | C17: 1.2864876e+09 | D17: =B17-C17 -> -2.0443898e+08 | E17: 1.2066152e+09 | F17: =SUM(C17,E17)/$C$2 -> 134602.24 | G17: =F17*$G$4+F17 -> 140659.35
A18: CAPITULO No. 16 CARPINTERIA METALICA | B18: 6.8749015e+08 | C18: 7.568537e+08 | D18: =B18-C18 -> -69363553 | E18: 6.3970013e+08 | F18: =SUM(C18,E18)/$C$2 -> 75399.732 | G18: =F18*$G$4+F18 -> 78792.72
A19: CAPITULO No. 17 RESANES (OW) | B19: 57687722 | C19: 54666343 | D19: =B19-C19 -> 3021378.8 | E19: 57687722 | F19: =SUM(C19,E19)/$C$2 -> 6065.9791 | G19: =F19*$G$4+F19 -> 6338.9481
A20: CAPITULO No. 18 EQUIPOS SERVICIO - GAS y ELECTRO-DOMESTICOS | B20: 378054237 | C20: 3.4387692e+08 | D20: =B20-C20 -> 34177319 | E20: 3.6220562e+08 | F20: =SUM(C20,E20)/$C$2 -> 38121.29 | G20: =F20*$G$4+F20 -> 39836.748
A21: CAPITULO No. 19 APARATOS SANITARIOS Y GRIFERIAS | B21: 2.5090521e+08 | C21: 2.404607e+08 | D21: =B21-C21 -> 10444512 | E21: 2.4366257e+08 | F21: =SUM(C21,E21)/$C$2 -> 26137.743 | G21: =F21*$G$4+F21 -> 27313.941
A22: CAPITULO No. 20 EQUIPOS ESPECIALES | B22: 497809570 | C22: 572830811 | D22: =B22-C22 -> -75021241 | E22: 3.6075364e+08 | F22: =SUM(C22,E22)/$C$2 -> 50404.084 | G22: =F22*$G$4+F22 -> 52672.268
A23: CAPITULO No. 21 PINTURA | B23: 3.0873738e+08 | C23: 3.4364346e+08 | D23: =B23-C23 -> -34906084 | E23: 2.6591779e+08 | F23: =SUM(C23,E23)/$C$2 -> 32910.121 | G23: =F23*$G$4+F23 -> 34391.076
A24: CAPITULO No. 22 IMPERMEABILIZACIONES | B24: 1.3011977e+08 | C24: 2.4739123e+08 | D24: =B24-C24 -> -1.1727146e+08 | E24: 62378910 | F24: =SUM(C24,E24)/$C$2 -> 16724.444 | G24: =F24*$G$4+F24 -> 17477.044
A25: CAPITULO No. 23 VIDRIOS - ESPEJOS | B25: 80324899 | C25: 93818149 | D25: =B25-C25 -> -13493250 | E25: 85134794 | F25: =SUM(C25,E25)/$C$2 -> 9661.6425 | G25: =F25*$G$4+F25 -> 10096.416
... A28: CAPITULO No. 26 GIMNASIO | B28: 23870705 | C28: 23870705 | D28: =B28-C28 -> 0 | E28: 13117100 | F28: =SUM(C28,E28)/$C$2 -> 1996.966 | G28: =F28*$G$4+F28 -> 2086.8295
A29: CAPITULO No. 27 DOTACION SALA VISITAS - ZONAS COMUNES | B29: 22599750 | C29: 22438258 | D29: =B29-C29 -> 161492.21 | F29: =SUM(C29,E29)/$C$2 -> 1211.4382 | G29: =F29*$G$4+F29 -> 1265.9529
A30: CAPITULO No. 28 ESPACIO INFANTIL - DOTACIONALES | B30: 31866372 | C30: 31866372 | D30: =B30-C30 -> 0 | E30: 44271874 | F30: =SUM(C30,E30)/$C$2 -> 4110.6925 | G30: =F30*$G$4+F30 -> 4295.6736
A31: CAPITULO No. 29 URBANISMO - EXTERIORES | B31: 1.5471503e+08 | C31: 1.5620916e+08 | D31: =B31-C31 -> -1494127.8 | E31: 95466716 | F31: =SUM(C31,E31)/$C$2 -> 13587.943 | G31: =F31*$G$4+F31 -> 14199.4
A32: CAPITULO No. 30 ASEO | B32: 1.0751963e+08 | C32: 1.0795574e+08 | D32: =B32-C32 -> -436113.93 | E32: 1.0062192e+08 | F32: =SUM(C32,E32)/$C$2 -> 11261.077 | G32: =F32*$G$4+F32 -> 11767.825
A33: CAPITULO No. 31 EQUIPOS OBRA | B33: 2.4236102e+08 | C33: 2.3812257e+08 | D33: =B33-C33 -> 4238449.7 | E33: 2.3448028e+08 | F33: =SUM(C33,E33)/$C$2 -> 25515.757 | G33: =F33*$G$4+F33 -> 26663.966
A34: CAPITULO No. 32 GASTOS GENERALES | B34: 4.5306288e+08 | C34: 4.2324754e+08 | D34: =B34-C34 -> 29815345 | E34: 3.5476648e+08 | F34: =SUM(C34,E34)/$C$2 -> 42004.86 | G34: =F34*$G$4+F34 -> 43895.079
A35: CAPITULO No. 33 TRANSPORTES | B35: 89343232 | D35: =B35-C35 -> 89343232 | E35: 89343232 | F35: =SUM(C35,E35)/$C$2 -> 4823.6277 | G35: =F35*$G$4+F35 -> 5040.691
A36: CAPITULO No. 34 ENTREGA APARTAMENTOS | B36: 4145400 | D36: =B36-C36 -> 4145400 | E36: 3510000 | F36: =SUM(C36,E36)/$C$2 -> 189.50437 | G36: =F36*$G$4+F36 -> 198.03207
A37: CAPITULO No. 38 PRUEBAS LABORATORIO | B37: 29185687 | C37: 51661970 | D37: =B37-C37 -> -22476283 | E37: 28700952 | F37: =SUM(C37,E37)/$C$2 -> 4338.7821 | G37: =F37*$G$4+F37 -> 4534.0273
A38: CAPITULO No. 39 PERSONAL TEMPORAL | B38: 64664592 | C38: 7512774.1 | D38: =B38-C38 -> 57151818 | E38: 0 | F38: =SUM(C38,E38)/$C$2 -> 405.61355 | G38: =F38*$G$4+F38 -> 423.86616
A39: CAPITULO No. 42 GASTOS PERSONAL | B39: 9.4370774e+08 | C39: 9.9052906e+08 | D39: =B39-C39 -> -46821322 | E39: 9.406306e+08 | F39: =SUM(C39,E39)/$C$2 -> 104263.02 | G39: =F39*$G$4+F39 -> 108954.86
A40: CAPITULO No. 45 IMPREVISTOS - DIRECTOS | B40: 1.7369432e+08 | C40: 15002022 | D40: =B40-C40 -> 158692300 | E40: 0 | F40: =SUM(C40,E40)/$C$2 -> 809.95692 | G40: =F40*$G$4+F40 -> 846.40498
A41: CAPITULO No. 46 MODIFICACIONES | B41: 0 | D41: =B41-C41 -> 0 | E41: 4049997.2 | F41: =SUM(C41,E41)/$C$2 -> 218.65874 | G41: =F41*$G$4+F41 -> 228.49838
A42: CAPITULO No. 217 DEPRECIACIÓN | B42: 0 | C42: 0 | D42: =B42-C42 -> 0 | F42: =SUM(C42,E42)/$C$2 -> 0 | G42: =F42*$G$4+F42 -> 0
B43: =SUM(B5:B42) -> 2.3015065e+10 | C43: =SUM(C5:C42) -> 2.2997425e+10 | D43: =SUM(D5:D42) -> 17639560 | E43: =SUM(E5:E42) -> 1.1969678e+10 | F43: =SUM(F5:F42) -> 1887868.6 | G43: =SUM(G5:G42) -> 1972822.7
A48: Descripcion | B48: Valor Unitario | C48: AIU 15% + Interventoria de obra | D48: CD+ AIU
A49: Vivienda con Sotano | B49: =G43 -> 1972822.7 | C49: 0.2649999 | D49: =B49*C49+(B49) -> 2495620.6
A50: Vivienda Sin Sotano | B50: 1500000 | C50: 0.2649999 | D50: =B50*C50+(B50) -> 1897499.9
A51: Plataforma sin Sotano | B51: 1300000 | C51: 0.2649999 | D51: =B51*C51+(B51) -> 1644499.9
A52: Comercio Zonal con sotano | B52: =B49*0.65 -> 1282334.8 | C52: 0.2649999 | D52: =B52*C52+(B52) -> 1622153.4
A53: Comercio Vecinal sotano | B53: =B49*0.5 -> 986411.37 | C53: 0.2649999 | D53: =B53*C53+(B53) -> 1247810.3
A54: Bodegas con sotano | B54: =B55*0.65 -> 1346451.5 | C54: 0.2649999 | D54: =B54*C54+(B54) -> 1703261
A55: Oficinas con sotano | B55: =B49*1.05 -> 2071463.9 | C55: 0.2649999 | D55: =B55*C55+(B55) -> 2620401.6
A56: Servicio Automotriz con sotano | B56: =B55*0.9 -> 1864317.5 | C56: 0.2649999 | D56: =B56*C56+(B56) -> 2358361.4
A57: Vlr m2 SOTANOS (1 NIVELES) | B57: 710547.77 | C57: 0.2649999 | D57: =(B57*C57+(B57))*$E$62 -> 947470.26 | E57: 1 | F57: =D57/1000 -> 947.47026
A58: Vlr m2 SOTANOS (2 NIVELES) | B58: 797658.04 | C58: 0.2649999 | D58: =(B58*C58+(B58))*$E$62 -> 1063626.3 | E58: 2 | F58: =D58/1000 -> 1063.6263
A59: Vlr m2 SOTANOS (3 NIVELES) | B59: 895447.67 | C59: 0.2649999 | D59: =(B59*C59+(B59))*$E$62 -> 1194022.5 | E59: 3 | F59: =D59/1000 -> 1194.0225
A60: Vlr m2 SOTANOS (4 NIVELES) | B60: 1005225.9 | C60: 0.2649999 | D60: =(B60*C60+(B60))*$E$62 -> 1340404.8 | E60: 4 | F60: =D60/1000 -> 1340.4048
A62: Vivienda sin Sotano | B62: =B50 -> 1500000 | C62: 0.2649999 | D62: =(B62*C62+(B62))*$E$62+F62 -> 2400154.6 | E62: =(1+TABLAS!E143+TABLAS!E142) -> 1.0541 | F62: 400000
A63: Plataforma sin Sotano | B63: =B51 -> 1300000 | C63: 0.2649999 | D63: =(B63*C63+(B63))*$E$62 -> 1733467.3
A64: Comercio Zonal sin sotano | B64: 1000000 | C64: 0.2649999 | D64: =(B64*C64+(B64))*$E$62 -> 1333436.4
A65: Comercio Vecinal sin sotano | B65: 900000 | C65: 0.2649999 | D65: =(B65*C65+(B65))*$E$62 -> 1200092.8
A66: Bodegas sin sotano | B66: 1100000 | C66: 0.2649999 | D66: =(B66*C66+(B66))*$E$62 -> 1466780
A67: Oficinas sin sotano | B67: 1550000 | C67: 0.2649999 | D67: =(B67*C67+(B67))*$E$62 -> 2066826.4
A68: Servicio Automotriz | B68: =B67*0.8 -> 1240000 | C68: 0.2649999 | D68: =(B68*C68+(B68))*$E$62 -> 1653461.1

Sheet TABLAS
C1: SMMLV | D1: 908.526 | S1: 0.1
S2: <= 1000 m2 | T2: > 1000 m2
C3: OBLIGACION Y APORTE EDIFICABILIDAD PARA ESPACIO PUBLICO | R3: OBLIGACION Y APORTE EDIFICABILIDAD PARA ESPACIO PUBLICO
C4: Ic | D4: Factor suelo Fs | E4: Fep | F4: Factor dinero Fd | R4: Ic | S4: Factor suelo Fs | T4: Factor suelo Fs | U4: Factor dinero Fd
C5: 1.3 | D5: 0 | E5: 0 | F5: 0 | R5: 1.3 | T5: 0 | U5: 0
C6: 2 | D6: 0.2 | E6: 0.2 | F6: 0 | R6: 3 | S6: =T6-$S$1 -> 0.17 | T6: 0.27 | U6: 0
C7: 3 | D7: 0.27 | E7: 0.2 | F7: 0.07 | R7: 4 | S7: =T7-$S$1 -> 0.18 | T7: 0.28 | U7: 0.1
C8: 4 | D8: 0.38 | E8: 0.2 | F8: 0.18 | R8: 5 | S8: =T8-$S$1 -> 0.26 | T8: 0.36 | U8: 0.15
C9: 5 | D9: 0.51 | E9: 0.25 | F9: 0.26 | R9: 6 | S9: =T9-$S$1 -> 0.35 | T9: 0.45 | U9: 0.2
C10: 6 | D10: 0.65 | E10: 0.3 | F10: 0.35 | R10: 11 | S10: =T10-$S$1 -> 0.39 | T10: 0.49 | U10: 0.3
C11: 6 | D11: 0.79 | E11: 0.35 | F11: 0.44
C16: APORTE EN SITIO EQUIPAMENTO EN PP | D16: IC | E16: APORTE | K16: CONSOLIDACION
D17: 5 | E17: 0
D18: 6 | E18: 0.03
C20: INCENTIVOS | D20: AAGSM | E20: AAEND
C21: REACTIVACION ECONOMICA POST COVID | D21: 0.4 | E21: 0.25 | F21: actividad de grandes servicios metropolitano
C22: ACTIVIDAD CONDICION DE SEGURIDAD | D22: 0 | E22: 0 | F22: actividad estructurante no deficitaria
C24: 1 | D24: 2 | E24: 3
C25: OBLIGACION VIP / VIS | D25: Vlr Catastral | E25: Vlr Comercial
C26: En sitio | D26: 0 | E26: 0
C27: Traslado | D27: 0 | E27: 0
C28: Pago | D28: =2436603.01/1000 -> 2436.603 | E28: =3168404.49/1000 -> 3168.4045
C31: 1 | D31: 2 | E31: 3 | F31: 4 | G31: 5 | H31: 6 | I31: 7 | J31: 8 | K31: 9 | L31: 10 | M31: 11
C32: PAQUETE VOLUNTARIO_ECOURBANISMO | D32: VIP | E32: VIS | F32: NO VIS 3-4 | G32: NO VIS 5 - 6 | H32: OFICINAS | I32: C_COMERCIALES | J32: HOTELES | K32: COLEGIOS | L32: HOSPITALES | M32: INCENTIVO
C33: 1 | D33: 0.002 | E33: 0.0036 | F33: 0 | G33: 0.0047 | H33: 0.006 | I33: 0.0044 | J33: 0.0037 | K33: 0.0033 | L33: 0.003 | M33: 0.2
C34: 2 | D34: 0.0067 | E34: 0.009 | F34: 0.0163 | G34: 0.0138 | H34: 0.0079 | I34: 0.0077 | J34: 0.0088 | K34: 0.0059 | L34: 0.0067 | M34: 0.3
C35: 3 | D35: 0.0309 | E35: 0.0391 | F35: 0.0235 | G35: 0 | H35: 0 | I35: 0 | J35: 0 | K35: 0 | L35: 0 | M35: 0.4
C36: 0
C42: HISTORICO SMMLV
C43: 2001 | D43: 286000 | E43: 0.0996
C44: 2002 | D44: 309000 | E44: 0.0804
C45: 2003 | D45: 332000 | E45: 0.0744 | H45: A1
C46: 2004 | D46: 358000 | E46: 0.0783 | H46: A2 | I46: A1 X V1/V2
C47: 2005 | D47: 381500 | E47: 0.0656 | H47: V1
C48: 2006 | D48: 408000 | E48: 0.0695 | H48: V2
C49: 2007 | D49: 433700 | E49: 0.063
C50: 2008 | D50: 461500 | E50: 0.0641
C51: 2009 | D51: 496900 | E51: 0.0767
C52: 2010 | D52: 515000 | E52: 0.0364
C53: 2011 | D53: 535600 | E53: 0.04
C54: 2013 | D54: 589500 | E54: 0.0402
C55: 2014 | D55: 616000 | E55: 4.5%
C56: 2015 | D56: 644350 | E56: 4.6%
C57: 2016 | D57: 689454 | E57: 7.0%
C58: 2017 | D58: 737717 | E58: 7.0%
C59: 2018 | D59: 781242 | E59: 0.059
C60: 2019 | D60: 828116 | E60: 0.06
C61: 2020 | D61: 877803 | E61: 0.06
C62: 2021 | D62: 908526 | E62: 0.035
C63: PROMEDIO ULTIMOS 5 AÑOS | E63: =AVERAGE(E57:E62) -> 0.0535
H64: https://cusezar.com/proyectos/gregal-cuatro-vientos/ | I64: GREGAL | J64: 423160 | K64: 56.8 | L64: =J64/K64 -> 7450 | M64: MONTEVIDEO | O64: VENTA VIS
H65: https://www.udarapolo.com/ | I65: UDARA | J65: 493900 | K65: 41.03 | L65: =J65/K65 -> 12037.534 | M65: EL POLO SOBRE LA SUBA
I66: UDARA | J66: 280700 | K66: 21 | L66: =J66/K66 -> 13366.667
I67: RESERVA CENTRAL | J67: 509391 | K67: 62 | L67: =J67/K67 -> 8215.9839
D68: AÑO | E68: INFLACIÓN | H68: https://owly.com.co/tours/central/ | I68: RESERVA CENTRAL | J68: 330875 | K68: 41 | L68: =J68/K68 -> 8070.122 | M68: CIUDAD SALITRE
C69: 40 | D69: 1946 | E69: 9.3 | H69: https://www.lahaus.com/nuevo/reserva-central/bogota | I69: LAHAUS | J69: 349060 | K69: 41 | L69: =J69/K69 -> 8513.6585 | M69: QUINTA PAREDES | N69: Q
C70: 51 | D70: 1947 | E70: 18.3 | I70: INFINITUM 58 - OIKOS | J70: 147400 | K70: 19.2 | L70: =J70/K70 -> 7677.0833
C71: 45 | D71: 1948 | E71: 16 | I71: PRATTO | J71: 155900 | K71: 33 | L71: =J71/K71 -> 4724.2424
C72: 21 | D72: 1949 | E72: 6.7 | I72: VISSANI - INGEURBE | J72: 225776 | K72: 22 | L72: =J72/K72 -> 10262.545
C73: 55 | D73: 1950 | E73: 20.5 | I73: FEDERMAN SQUARE | J73: 485000 | K73: 50.92 | L73: =J73/K73 -> 9524.7447
C74: 37 | D74: 1951 | E74: 8.9 | I74: FEDERMAN SQUARE | J74: 475000 | K74: 51.68 | L74: =J74/K74 -> 9191.1765
C75: 1 | D75: 1952 | E75: -2.3 | H75: https://www.burano54.urban-living.com.co/ | I75: BURANO 54 | J75: 167000 | K75: 23.79 | L75: =J75/K75 -> 7019.7562 | M75: GALERIAS
C76: 28 | D76: 1953 | E76: 7.3 | H76: https://arquitecturayconcreto.com/proyectos/cundinamarca/life-72-apartamentos/?utm_source=FACEBOOK&utm_medium=LG&utm_campaign=LIFE-72_CLIENTES-POTENCIALES_DIC-2016_BOGOTA | I76: LIFE 72 | J76: =510598000/1000 -> 510598 | K76: 57 | L76: =J76/K76 -> 8957.8596
C77: 36 | D77: 1954 | E77: 8.8 | H77: https://www.edificiovou.com/apartamentos/# | I77: VOU BOGOTA | J77: 316660 | K77: 29.51 | L77: =J77/K77 -> 10730.6 | M77: CHICO
C78: 3 | D78: 1955 | E78: 1.72 | I78: VOU BOGOTA | J78: 538651 | K78: 51.96 | L78: =J78/K78 -> 10366.647
C79: 34 | D79: 1956 | E79: 8.47 | H79: https://eix.com.co/vivienda/viure/?utm_source=Facebook&utm_medium=cpc&utm_campaign=apartamentos&fbclid=PAAaY3jijVLi61xKz7kxkw6Z59IWPN18Rk1anFq25jODtxAQB9VZ4VIw2CWtU | I79: EX VIURE | J79: =K79*L79 -> 820200 | K79: 82.02 | L79: 10000
C80: 53 | D80: 1957 | E80: 18.75 | K80: =AVERAGE(K64:K79) -> 42.744375 | L80: =AVERAGE(L64:L79) -> 9131.7887
C81: 38 | D81: 1958 | E81: 9.21
C82: 27 | D82: 1959 | E82: 7.23
C83: 22 | D83: 1960 | E83: 6.74
C84: 18 | D84: 1961 | E84: 6.32
C85: 25 | D85: 1962 | E85: 6.93
C86: 75 | D86: 1963 | E86: 32.41 | I86: VIS | J86: 175 SMMLV | K86: 2021
C87: 33 | D87: 1964 | E87: 8.39 | I87: VIP | J87: 90 SMMLV | K87: 2021
C88: 44 | D88: 1965 | E88: 14.84 | I88: NO VIS
C89: 41 | D89: 1966 | E89: 12.92 | I89: Av: 42 M2 | J89: $ 9.000 m2
C90: 29 | D90: 1967 | E90: 7.46 | I90: Av: 25 M2 | J90: $ 10.000 m2
C91: 19 | D91: 1968 | E91: 6.48 | I91: COMERCIO | J91: $ 11.000 m2
C92: 32 | D92: 1969 | E92: 8.26 | I92: OFICINAS | J92: $8.500 m2
C93: 24 | D93: 1970 | E93: 6.83
C94: 43 | D94: 1971 | E94: 13.91
C95: 42 | D95: 1972 | E95: 13.86
C96: 61 | D96: 1973 | E96: 23.48
C97: 67 | D97: 1974 | E97: 26.06
C98: 49 | D98: 1975 | E98: 17.69
C99: 65 | D99: 1976 | E99: 25.79
C100: 72 | D100: 1977 | E100: 28.3
C101: 52 | D101: 1978 | E101: 18.73
C102: 73 | D102: 1979 | E102: 28.82
C103: 66 | D103: 1980 | E103: 25.96
C104: 69 | D104: 1981 | E104: 26.36
... C130: 16 | D130: 2007 | E130: 5.69
C131: 31 | D131: 2008 | E131: 7.67 | F131: 932.137
C132: 5 | D132: 2009 | E132: 2 | F132: =F131*(1+E132/100) -> 950.77974
C133: 7 | D133: 2010 | E133: 3.17 | F133: =F132*(1+E133/100) -> 980.91946
C134: 10 | D134: 2011 | E134: 3.73 | F134: =F133*(1+E134/100) -> 1017.5078
C135: 6 | D135: 2012 | E135: 2.44 | F135: =F134*(1+E135/100) -> 1042.3349
C136: 4 | D136: 2013 | E136: 1.94 | F136: =F135*(1+E136/100) -> 1062.5562
C137: 9 | D137: 2014 | E137: 3.66 | F137: =F136*(1+E137/100) -> 1101.4458
C138: 23 | D138: 2015 | E138: 6.77 | F138: =F137*(1+E138/100) -> 1176.0137
...

Sheet FAC_ TRU_METRO
D1: PARAMETROS | J1: PARAMETROS
D2: SMMLV | E2: 908.526 | J2: SMMLV | K2: 908.526
D3: Av / Ac = | E3: 1 | G3: Area del predio: | H3: ='01'!D26 -> 16104.9 | J3: Av / Ac = | K3: 1 | M3: Area del predio: | N3: ='01a'!D26 -> 16104.9
D4: A vivienda VIS/VIP | E4: 42 | G4: Area Construida (Ic): | H4: ='01'!D33 -> 99815.34 | J4: A vivienda VIS/VIP | K4: 42 | M4: Area Construida (Ic): | N4: ='01a'!D33 -> 124980.3
D5: A vivienda NO VIS | E5: 42 | G5: Ind. Construcción | H5: ='01'!D34 -> 6.1978243 | J5: A vivienda NO VIS | K5: 42 | M5: Ind. Construcción | N5: ='01a'!D34 -> 7.7603897
D6: Valor ref. suelo | E6: ='01'!D16/1000 -> 6300 | G6: > Vlr Suelo: | H6: 0.3 | J6: Valor ref. suelo | K6: ='01a'!D16/1000 -> 6300 | M6: > Vlr Suelo: | N6: =H6 -> 0.3
B7: =5110506/1000 -> 5110.506 | D7: Avaluo Catastral | E7: =B7 -> 5110.506 | G7: Valor Com suelo | H7: =E7*(1+H6) -> 6643.6578 | J7: Avaluo Catastral | K7: =B7 -> 5110.506 | M7: Valor ref. suelo | N7: =K7*(1+N6) -> 6643.6578
B8: =B7*1.4 -> 7154.7084 | H8: =H7-E6 -> 343.6578 | M8: ='01'!D16/1000 -> 6300 | N8: =M8*1.15 -> 7245
B9: APROVECHAMIENTOS | D9: ='01'!E2 -> 1 | G9: TRU 22JUL | H9: =H8/E6 -> 0.054548857 | J9: ='01a'!E2 -> 1a | M9: TRU 22JUL
D10: UNIDADES | E10: VLR / Und | F10: VLR / M2 | G10: VLR | H10: SMMLV | J10: UNIDADES | K10: VLR / Und | L10: VLR / M2 | M10: VLR | N10: SMMLV
A11: ART. 311 | B11: VIP | D11: ='01'!D49 -> 192 | E11: =H11*$E$2 -> 99937.86 | F11: =E11/E4 -> 2379.4729 | G11: =E11*D11 -> 19188069 | H11: 110 | J11: 0 | K11: =N11*$E$2 -> 99937.86 | L11: =K11/K4 -> 2379.4729 | M11: =K11*J11 -> 0 | N11: 110
A12: ART. 311 | B12: VIS | D12: ='01'!D48 -> 288 | E12: =H12*$E$2 -> 158992.05 | F12: =E12/E4 -> 3785.525 | G12: =E12*D12 -> 45789710 | H12: 175 | J12: 0 | K12: =N12*$E$2 -> 158992.05 | L12: =K12/K4 -> 3785.525 | M12: =K12*J12 -> 0 | N12: 175
D13: =D11+D12 -> 480 | E13: =D13*E4 -> 20160 | F13: ='01'!C113 -> 24953.835 | G13: =SUM(G11:G12) -> 64977780 | H13: =G13/G24 -> 0.079415829 | J13: =J11+J12 -> 0 | K13: =J13*K4 -> 0 | L13: ='01'!I113 -> 0 | M13: =SUM(M11:M12) -> 0 | N13: =M13/M24 -> 0
E14: =IFERROR(E13/F13,0) -> 0.80789185 | K14: =IFERROR(K13/L13,0) -> 0
B16: No VIS | D16: ='01'!D46 -> 1689 | E16: =H16*$E$2 -> 377946.82 | F16: =E16/E5 -> 8998.7337 | G16: =E16*D16 -> 6.3835217e+08 | H16: 416 | J16: ='01a'!D46 -> 2170 | K16: =N16*$E$2 -> 377946.82 | L16: =K16/K5 -> 8998.7337 | M16: =K16*J16 -> 8.2014459e+08 | N16: =H16 -> 416
E17: =D16*E5 -> 70938 | F17: ='01'!C112 -> 87850.04 | G17: =SUM(G16:G16) -> 6.3835217e+08 | H17: =G17/G24 -> 0.78019389 | K17: =J16*K5 -> 91140 | L17: ='01a'!C112 -> 112815 | M17: =SUM(M16:M16) -> 8.2014459e+08 | N17: =M17/M24 -> 0.87535174
E18: =IFERROR(E17/F17,0) -> 0.80748967 | K18: =IFERROR(K17/L17,0) -> 0.80787129
B20: Comercio | D20: =F21*E22 -> 9572.24 | F20: 12000 | G20: =F20*D20 -> 114866880 | J20: =L21*K22 -> 9732.24 | L20: =F20 -> 12000 | M20: =L20*J20 -> 116786880
E21: =D20 -> 9572.24 | F21: ='01'!C110+'01'!C111 -> 11965.3 | G21: =SUM(G20:G20) -> 114866880 | H21: =G21/$G$24 -> 0.14039028 | K21: =J20 -> 9732.24 | L21: ='01a'!C110+'01a'!C111 -> 12165.3 | M21: =SUM(M20:M20) -> 116786880 | N21: =M21/$G$24 -> 0.1427369
E22: 0.8 | K22: 0.8
B24: 1. TOTAL APROVECHAMIENTO | E24: =E13+E17+E21 -> 100670.24 | F24: =F13+F17+F21 -> 124769.18 | G24: =G13+G17+G21 -> 8.1819683e+08 | H24: 1 | K24: =K13+K17+K21 -> 100872.24 | L24: =L13+L17+L21 -> 124980.3 | M24: =M13+M17+M21 -> 9.3693147e+08 | N24: 1
B26: COSTOS | D26: =#REF! -> #REF! | G26: =#REF! -> #REF! | H26: =G26/G24 -> #REF! | J26: =#REF! -> #REF! | M26: =#REF! -> #REF! | N26: =M26/M24 -> #REF!
B27: OBLIGACION Y APORTE POR EDIFICABILIDAD | G27: =SUM(G31:G36)+G39+G40+G41 -> 49248638 | H27: =G27/G24 -> 0.060191675 | M27: =SUM(M31:M36)+M39+M40+M41 -> 1.0858734e+08 | N27: =M27/M24 -> 0.11589678
A28: ART. 306 | B28: FACTORES | D28: =(IF(H5<=TABLAS!$C$5,TABLAS!$D$5,IF(H5<=TABLAS!$C$6,TABLAS!$D$6,IF(H5<=TABLAS!$C$7,TABLAS!$D$7,IF(H5<=TABLAS!$C$8,TABLAS!$D$8,IF(H5<=TABLAS!$C$9,TABLAS!$D$9,IF(H5<=TABLAS!$C$10,TABLAS!$D$10,IF(H5>TABLAS!$C$11,TABLAS!$D$11)))))))) -> 0.79 | E28: =(IF(H5<=TABLAS!$C$5,TABLAS!$E$5,IF(H5<=TABLAS!$C$6,TABLAS!$E$6,IF(H5<=TABLAS!$C$7,TABLAS!$E$7,IF(H5<=TABLAS!$C$8,TABLAS!$E$8,IF(H5<=TABLAS!$C$9,TABLAS!$E$9,IF(H5<=TABLAS!$C$10,TABLAS!$E$10,IF(H5>TABLAS!$C$11,TABLAS!$E$11)))))))) -> 0.35 | F28: =(IF(H5<=TABLAS!$C$5,TABLAS!$F$5,IF(H5<=TABLAS!$C$6,TABLAS!$F$6,IF(H5<=TABLAS!$C$7,TABLAS!$F$7,IF(H5<=TABLAS!$C$8,TABLAS!$F$8,IF(H5<=TABLAS!$C$9,TABLAS!$F$9,IF(H5<=TABLAS!$C$10,TABLAS!$F$10,IF(H5>TABLAS!$C$11,TABLAS!$F$11)))))))) -> 0.44 | J28: =(IF(N5<=TABLAS!$C$5,TABLAS!$D$5,IF(N5<=TABLAS!$C$6,TABLAS!$D$6,IF(N5<=TABLAS!$C$7,TABLAS!$D$7,IF(N5<=TABLAS!$C$8,TABLAS!$D$8,IF(N5<=TABLAS!$C$9,TABLAS!$D$9,IF(N5<=TABLAS!$C$10,TABLAS!$D$10,IF(N5>TABLAS!$C$11,TABLAS!$D$11)))))))) -> 0.79 | K28: =(IF(N5<=TABLAS!$C$5,TABLAS!$E$5,IF(N5<=TABLAS!$C$6,TABLAS!$E$6,IF(N5<=TABLAS!$C$7,TABLAS!$E$7,IF(N5<=TABLAS!$C$8,TABLAS!$E$8,IF(N5<=TABLAS!$C$9,TABLAS!$E$9,IF(N5<=TABLAS!$C$10,TABLAS!$E$10,IF(N5>TABLAS!$C$11,TABLAS!$E$11)))))))) -> 0.35 | L28: =(IF(N5<=TABLAS!$C$5,TABLAS!$F$5,IF(N5<=TABLAS!$C$6,TABLAS!$F$6,IF(N5<=TABLAS!$C$7,TABLAS!$F$7,IF(N5<=TABLAS!$C$8,TABLAS!$F$8,IF(N5<=TABLAS!$C$9,TABLAS!$F$9,IF(N5<=TABLAS!$C$10,TABLAS!$F$10,IF(N5>TABLAS!$C$11,TABLAS!$F$11)))))))) -> 0.44
A30: ART. 307 -1 | B30: (CSs) Cesión suelo Espacio Público | E30: AT x Fep = | F30: =H3*E28 -> 5636.715 | G30: =F30*H7 -> 37448406 | H30: =G30/G24 -> 0.045769434 | K30: AT x Fep = | L30: =N3*K28 -> 5636.715 | M30: =L30*N7 -> 37448406 | N30: =M30/M24 -> 0.039969205
B31: Dotación Espacio Público | E31: =F30 -> 5636.715 | F31: 200 | G31: =E31*F31 -> 1127343 | H31: =G31/G24 -> 0.0013778384 | K31: =L30 -> 5636.715 | L31: 200 | M31: =K31*L31 -> 1127343 | N31: =M31/M24 -> 0.0012032289
A32: ART. 307 -5 | B32: (Vcomp) Valor Comp. CSs | D32: NO | E32: 0 | F32: =E6+200 -> 6500 | G32: =IF(D32="NO",0,E32*F32) -> 0 | H32: =G32/G24 -> 0 | J32: NO | K32: 0 | L32: =K6+200 -> 6500 | M32: =IF(J32="NO",0,K32*L32) -> 0 | N32: =M32/M24 -> 0
A33: ART. 307 -6 | B33: (PD) Pago compensatorio en dinero | D33: CSp= AT x Fd = | E33: =H3*F28 -> 7086.156 | F33: =E6 -> 6300 | G33: =F33*E33 -> 44642783 | H33: =G33/G24 -> 0.0545624 | J33: CSp= AT x Fd = | K33: =N3*L28 -> 7086.156 | L33: =K6 -> 6300 | M33: =L33*K33 -> 44642783 | N33: =M33/M24 -> 0.047647863
A34: ART. 308 | B34: (OSP) Obligación redes servicios públicos EAAB | D34: CS = AT x Fs = | E34: =D28*H3 -> 12722.871 | F34: 0.064 | G34: =E34*F33*F34 -> 5129861.6 | H34: =G34/G24 -> 0.0062697158 | J34: CS = AT x Fs = | K34: =J28*N3 -> 12722.871 | L34: 0.064 | M34: =K34*L33*L34 -> 5129861.6 | N34: =M34/M24 -> 0.0054751727
B35: Obligación VIP | D35: En sitio | E35: 0.18 | F35: ='01'!D54 -> 9981.534 | G35: =IF(D35="PAGO",F35*E35*F33,0) -> 0 | H35: =G35/G24 -> 0 | J35: Pago | K35: 0.18 | L35: ='01a'!D54 -> 12498.03 | M35: =IF(J35="PAGO",L35*K35*L33,0) -> 14172766 | N35: =M35/M24 -> 0.01512679
B36: Obligación VIS | D36: En sitio | E36: 0.18 | F36: ='01'!D53 -> 14972.301 | G36: =IF(D36="PAGO",F36*E36*F33,0) -> 0 | H36: =G36/G24 -> 0 | J36: Pago | K36: =K35 -> 0.18 | L36: ='01a'!D53 -> 18747.045 | M36: =IF(J36="PAGO",L36*K36*L33,0) -> 21259149 | N36: =M36/M24 -> 0.022690186
A37: ART. 310 | B37: (ACES) Aporte en sitio equip en PP | D37: =+(IF(H5<=TABLAS!$D$17,TABLAS!$E$17,IF(H5>TABLAS!$D$18,TABLAS!$E$18))) -> 0.03 | E37: 0 | F37: =D37*E37 -> 0 | G37: =F37*E6 -> 0 | H37: =G37/G24 -> 0 | J37: =+(IF(N5<=TABLAS!$D$17,TABLAS!$E$17,IF(N5>TABLAS!$D$18,TABLAS!$E$18))) -> 0.03 | K37: 0 | L37: =J37*K37 -> 0 | M37: =L37*K6 -> 0 | N37: =M37/M24 -> 0
F38: =F37/H3 -> 0 | L38: =L37/N3 -> 0
A39: ART. 419 | B39: Pago Compensatorio Parq. Adicionales | E39: ='01'!D97 -> 9981.534 | F39: 0.1 | G39: =E39*F39*E6 -> 6288366.4 | H39: =G39/G24 -> 0.0076856401 | K39: ='01a'!D97 -> 12498.03 | L39: 0.1 | M39: =K39*L39*K6 -> 7873758.9 | N39: =M39/M24 -> 0.0084037725
B40: Incentivos reactivación económica Post-COVID 19 | D40: AAEND | E40: =IF(D40="AAGSM",TABLAS!$D$21,IF(D40="AAEND",TABLAS!$E$21,0)) -> 0.25 | F40: *AD | G40: =-E40*G33 -> -11160696 | H40: =G40/G24 -> -0.0136406 | J40: AAEND | K40: =IF(J40="AAGSM",TABLAS!$D$21,IF(J40="AAEND",TABLAS!$E$21,0)) -> 0.25 | L40: *AD | M40: =K40*M33 -> 11160696 | N40: =M40/M24 -> 0.011911966
B41: DEMOLICIONES | E41: =H3*2 -> 32209.8 | F41: 100 | G41: =E41*F41 -> 3220980 | H41: =G41/G24 -> 0.0039366811 | K41: =N3*2 -> 32209.8 | L41: 100 | M41: =K41*L41 -> 3220980 | N41: =M41/M24 -> 0.0034377968
D43: ='01'!C107 -> 99815.34 | E43: {='01'!C106:D106} -> 153879.18 | F43: 0 | J43: ='01a'!C107 -> 124980.3 | K43: {='01a'!C106:D106} -> 158537.18 | L43: 0
B44: COSTO DIRECTO | G44: =SUM(G46:G51) -> 3.5892326e+08 | H44: =G44/G24 -> 0.43867594 | M44: =SUM(M46:M51) -> 3.8070375e+08 | N44: =M44/M24 -> 0.40633041
F45: > Valor Ecourbanismo | L45: > Valor Ecourbanismo
B46: =B11 -> VIP | D46: ='01'!D54 -> 9981.534 | E46: =IF(D46=0,0,E48-500) -> 2000 | F46: =IFERROR(VLOOKUP(#REF!,TABLAS!$C$33:$M$35,TABLAS!$D$31,FALSE),0)*E46 -> 0 | G46: =D46*(E46+F46) -> 19963068 | H46: =G46/G24 -> 0.024398858 | J46: ='01'!J54 -> 0 | K46: =IF(J46=0,0,K48-500) -> 0 | L46: =IFERROR(VLOOKUP(#REF!,TABLAS!$C$33:$M$35,TABLAS!$D$31,FALSE),0)*K46 -> 0 | M46: =J46*(K46+L46) -> 0 | N46: =M46/M24 -> 0
B47: =B12 -> VIS | D47: ='01'!D53 -> 14972.301 | E47: =E46 -> 2000 | F47: =IFERROR(VLOOKUP(#REF!,TABLAS!$C$33:$M$35,TABLAS!$E$31,FALSE),0)*E47 -> 0 | G47: =D47*(E47+F47) -> 29944602 | H47: =G47/G24 -> 0.036598286 | J47: ='01'!J53 -> 0 | K47: =K46 -> 0 | L47: =IFERROR(VLOOKUP(#REF!,TABLAS!$C$33:$M$35,TABLAS!$E$31,FALSE),0)*K47 -> 0 | M47: =J47*(K47+L47) -> 0 | N47: =M47/M24 -> 0
B48: =B16 -> No VIS | D48: =F17 -> 87850.04 | E48: 2500 | F48: =IFERROR(VLOOKUP(#REF!,TABLAS!$C$33:$M$35,TABLAS!$F$31,FALSE),0)*E48 -> 0 | G48: =D48*(E48+F48) -> 2.196251e+08 | H48: =G48/G24 -> 0.26842575 | J48: =L17 -> 112815 | K48: =E48 -> 2500 | L48: =IFERROR(VLOOKUP(#REF!,TABLAS!$C$33:$M$35,TABLAS!$F$31,FALSE),0)*K48 -> 0 | M48: =J48*(K48+L48) -> 2.820375e+08 | N48: =M48/M24 -> 0.30102255
B49: =B20 -> Comercio | D49: =F21 -> 11965.3 | E49: 2500 | F49: =IFERROR(VLOOKUP(#REF!,TABLAS!$C$33:$M$35,TABLAS!$I$31,FALSE),0)*E49 -> 0 | G49: =D49*(E49+F49) -> 29913250 | H49: =G49/G24 -> 0.036559968 | J49: =L21 -> 12165.3 | K49: =E49 -> 2500 | L49: =IFERROR(VLOOKUP(#REF!,TABLAS!$C$33:$M$35,TABLAS!$I$31,FALSE),0)*K49 -> 0 | M49: =J49*(K49+L49) -> 30413250 | N49: =M49/M24 -> 0.032460485
B50: Equipamiento | D50: ='01'!C108 -> 2514.45 | E50: =E49 -> 2500 | G50: =D50*E50 -> 6286125 | H50: =G50/G24 -> 0.0076829007 | J50: ='01a'!C108 -> 2278.5 | K50: =K49 -> 2500 | M50: =J50*K50 -> 5696250 | N50: =M50/M24 -> 0.0060796869
B51: Sotano | D51: ='01'!C115 -> 26595.559 | E51: 2000 | G51: =D51*E51 -> 53191118 | H51: =G51/G24 -> 0.065010174 | J51: ='01a'!C115 -> 31278.376 | K51: =E51 -> 2000 | M51: =J51*K51 -> 62556752 | N51: =M51/M24 -> 0.066767693
D52: =SUM(D46:D49) -> 124769.18 | E52: =SUM(D50:D51)+D52 -> 153879.18 | F52: =G44/E52 -> 2332.5004 | J52: =SUM(J46:J49) -> 124980.3 | K52: =SUM(J50:J51)+J52 -> 158537.18 | L52: =M44/K52 -> 2401.3532
B54: COSTOS INDIRECTOS | E54: 0.21 | G54: =E54*G24 -> 1.7182133e+08 | H54: =G54/G24 -> 0.21 | K54: 0.21 | M54: =K54*M24 -> 1.9675561e+08 | N54: =M54/M24 -> 0.21
B55: Vts. / Hon. / Imp. / Fin. / | F55: =G54/E52 -> 1116.5989 | L55: =M54/K52 -> 1241.0692
B57: 2. TOTAL COSTOS | G57: =G27+G39+G44+G54 -> 5.862816e+08 | H57: =G57/G24 -> 0.71655325 | M57: =M27+M39+M44+M54 -> 6.9392046e+08 | N57: =M57/M24 -> 0.74063096
B59: 3. DIFERENCIA (1 - 2) | G59: =G24-G57 -> 2.3191523e+08 | H59: =G59/G24 -> 0.28344675 | M59: =M24-M57 -> 2.4301101e+08 | N59: =M59/M24 -> 0.25936904
B60: 4. UTILIDAD MÍNIMA | E60: 0.15 | G60: =E60*$G$24 -> 1.2272952e+08 | H60: =G60/G24 -> 0.15 | K60: 0.15 | M60: =K60*$M$24 -> 1.4053972e+08 | N60: =M60/M24 -> 0.15
B62: 5. VALOR SUELO (3 - 4) | G62: =G59-G60 -> 1.091857e+08 | H62: =G62/G24 -> 0.13344675 | M62: =M59-M60 -> 1.0247129e+08 | N62: =M62/M24 -> 0.10936904
B63: 6. VALOR COMERCIAL PROYECTADO SUELO | E63: =E6*H3 -> 101460870 | F63: =E63/G24 -> 0.12400545 | G63: =H3*E7*(1+H6) -> 1.0699544e+08 | H63: =G63/G24 -> 0.13076981 | K63: =K6*N3 -> 101460870 | L63: =K63/M24 -> 0.1082906 | M63: =N3*K7*(1+N6) -> 1.0699544e+08 | N63: =M63/M24 -> 0.11419773
B64: 7. Diferencia Vlr RESIDUAL - COMERCIAL (5 - 6) | E64: Margen (7 / 6) | F64: =G64/G63 -> 0.020470589 | G64: =G62-G63 -> 2190259.8 | H64: =G64/G24 -> 0.0026769351 | K64: Margen (7 / 6) | L64: =M64/M63 -> -0.042283592 | M64: =M62-M63 -> -4524151.7 | N64: =M64/M24 -> -0.0048286901
B66: 8. UTILIDAD - PAGANDO SUELO VLR COMERCIAL (3 - 6) | G66: =G59-G63 -> 1.2491978e+08 | H66: =G66/G24 -> 0.15267694 | M66: =M59-M63 -> 1.3601557e+08 | N66: =M66/M24 -> 0.14517131

Sheet RESUMEN
E5: TABLA RESUMEN
E6: MODELACION 1A | K6: MODELACION 2A | Q6: MODELACION 3B | W6: MODELACION 4B | AC6: MODELACION 5A
E8: ='FAC_ TRU_METRO'!G3 -> Area del predio: | F8: ='FAC_ TRU_METRO'!H3 -> 16104.9 | K8: ='FAC_ TRU_METRO'!#REF! -> #REF! | L8: ='FAC_ TRU_METRO'!#REF! -> #REF! | Q8: ='FAC_ TRU_METRO'!#REF! -> #REF! | R8: ='FAC_ TRU_METRO'!#REF! -> #REF! | W8: ='FAC_ TRU_METRO'!#REF! -> #REF! | X8: ='FAC_ TRU_METRO'!#REF! -> #REF! | AC8: ='FAC_ TRU_METRO'!#REF! -> #REF! | AD8: ='FAC_ TRU_METRO'!#REF! -> #REF!
E9: ='FAC_ TRU_METRO'!G4 -> Area Construida (Ic): | F9: ='FAC_ TRU_METRO'!H4 -> 99815.34 | K9: ='FAC_ TRU_METRO'!#REF! -> #REF! | L9: ='FAC_ TRU_METRO'!#REF! -> #REF! | Q9: ='FAC_ TRU_METRO'!#REF! -> #REF! | R9: ='FAC_ TRU_METRO'!#REF! -> #REF! | W9: ='FAC_ TRU_METRO'!#REF! -> #REF! | X9: ='FAC_ TRU_METRO'!#REF! -> #REF! | AC9: ='FAC_ TRU_METRO'!#REF! -> #REF! | AD9: ='FAC_ TRU_METRO'!#REF! -> #REF!
E10: ='FAC_ TRU_METRO'!D6 -> Valor ref. suelo | F10: ='FAC_ TRU_METRO'!E6 -> 6300 | K10: ='FAC_ TRU_METRO'!#REF! -> #REF! | L10: ='FAC_ TRU_METRO'!#REF! -> #REF! | Q10: ='FAC_ TRU_METRO'!#REF! -> #REF! | R10: ='FAC_ TRU_METRO'!#REF! -> #REF! | W10: ='FAC_ TRU_METRO'!#REF! -> #REF! | X10: ='FAC_ TRU_METRO'!#REF! -> #REF! | AC10: ='FAC_ TRU_METRO'!#REF! -> #REF! | AD10: ='FAC_ TRU_METRO'!#REF! -> #REF!
E11: ='FAC_ TRU_METRO'!G6 -> > Vlr Suelo: | F11: ='FAC_ TRU_METRO'!H6 -> 0.3 | K11: ='FAC_ TRU_METRO'!#REF! -> #REF! | L11: ='FAC_ TRU_METRO'!#REF! -> #REF! | Q11: ='FAC_ TRU_METRO'!#REF! -> #REF! | R11: ='FAC_ TRU_METRO'!#REF! -> #REF! | W11: ='FAC_ TRU_METRO'!#REF! -> #REF! | X11: ='FAC_ TRU_METRO'!#REF! -> #REF! | AC11: ='FAC_ TRU_METRO'!#REF! -> #REF! | AD11: ='FAC_ TRU_METRO'!#REF! -> #REF!
E12: ='FAC_ TRU_METRO'!G7 -> Valor Com suelo | F12: ='FAC_ TRU_METRO'!H7 -> 6643.6578 | K12: ='FAC_ TRU_METRO'!#REF! -> #REF! | L12: ='FAC_ TRU_METRO'!#REF! -> #REF! | Q12: ='FAC_ TRU_METRO'!#REF! -> #REF! | R12: ='FAC_ TRU_METRO'!#REF! -> #REF! | W12: ='FAC_ TRU_METRO'!#REF! -> #REF! | X12: ='FAC_ TRU_METRO'!#REF! -> #REF! | AC12: ='FAC_ TRU_METRO'!#REF! -> #REF! | AD12: ='FAC_ TRU_METRO'!#REF! -> #REF!
E13: Ic : | F13: ='FAC_ TRU_METRO'!H5 -> 6.1978243 | K13: Ic : | L13: ='FAC_ TRU_METRO'!#REF! -> #REF! | Q13: Ic : | R13: ='FAC_ TRU_METRO'!#REF! -> #REF! | W13: Ic : | X13: ='FAC_ TRU_METRO'!#REF! -> #REF! | AC13: Ic : | AD13: ='FAC_ TRU_METRO'!#REF! -> #REF!
E15: APROVECHAMIENTOS | K15: APROVECHAMIENTOS | Q15: APROVECHAMIENTOS | W15: APROVECHAMIENTOS | AC15: APROVECHAMIENTOS
G16: VLR M2 | H16: INGRESO | M16: VLR M2 | N16: INGRESO | S16: VLR M2 | T16: INGRESO | Y16: VLR M2 | Z16: INGRESO | AE16: VLR M2 | AF16: INGRESO
E17: Viv VIP | F17: ='FAC_ TRU_METRO'!D11 -> 192 | G17: ='FAC_ TRU_METRO'!F11 -> 2379.4729 | H17: ='FAC_ TRU_METRO'!G11 -> 19188069 | K17: Viv VIP | L17: ='FAC_ TRU_METRO'!#REF! -> #REF! | M17: ='FAC_ TRU_METRO'!#REF! -> #REF! | N17: ='FAC_ TRU_METRO'!#REF! -> #REF! | Q17: Viv VIP | R17: ='FAC_ TRU_METRO'!#REF! -> #REF! | S17: ='FAC_ TRU_METRO'!#REF! -> #REF! | T17: ='FAC_ TRU_METRO'!#REF! -> #REF! | W17: Viv VIP | X17: ='FAC_ TRU_METRO'!#REF! -> #REF! | Y17: ='FAC_ TRU_METRO'!#REF! -> #REF! | Z17: ='FAC_ TRU_METRO'!#REF! -> #REF! | AC17: Viv VIP | AD17: ='FAC_ TRU_METRO'!#REF! -> #REF! | AE17: ='FAC_ TRU_METRO'!#REF! -> #REF! | AF17: ='FAC_ TRU_METRO'!#REF! -> #REF!
E18: Viv VIS | F18: ='FAC_ TRU_METRO'!D12 -> 288 | G18: ='FAC_ TRU_METRO'!F12 -> 3785.525 | H18: ='FAC_ TRU_METRO'!G12 -> 45789710 | K18: Viv VIS | L18: ='FAC_ TRU_METRO'!#REF! -> #REF! | M18: ='FAC_ TRU_METRO'!#REF! -> #REF! | N18: ='FAC_ TRU_METRO'!#REF! -> #REF! | Q18: Viv VIS | R18: ='FAC_ TRU_METRO'!#REF! -> #REF! | S18: ='FAC_ TRU_METRO'!#REF! -> #REF! | T18: ='FAC_ TRU_METRO'!#REF! -> #REF! | W18: Viv VIS | X18: ='FAC_ TRU_METRO'!#REF! -> #REF! | Y18: ='FAC_ TRU_METRO'!#REF! -> #REF! | Z18: ='FAC_ TRU_METRO'!#REF! -> #REF! | AC18: Viv VIS | AD18: ='FAC_ TRU_METRO'!#REF! -> #REF! | AE18: ='FAC_ TRU_METRO'!#REF! -> #REF! | AF18: ='FAC_ TRU_METRO'!#REF! -> #REF!
E19: Viv NO VIS | F19: ='FAC_ TRU_METRO'!D16 -> 1689 | G19: ='FAC_ TRU_METRO'!F16 -> 8998.7337 | H19: ='FAC_ TRU_METRO'!G17 -> 6.3835217e+08 | K19: Viv NO VIS | L19: ='FAC_ TRU_METRO'!#REF! -> #REF! | M19: ='FAC_ TRU_METRO'!#REF! -> #REF! | N19: ='FAC_ TRU_METRO'!#REF! -> #REF! | Q19: Viv NO VIS | R19: ='FAC_ TRU_METRO'!#REF! -> #REF! | S19: ='FAC_ TRU_METRO'!#REF! -> #REF! | T19: ='FAC_ TRU_METRO'!#REF! -> #REF! | W19: Viv NO VIS | X19: ='FAC_ TRU_METRO'!#REF! -> #REF! | Y19: ='FAC_ TRU_METRO'!#REF! -> #REF! | Z19: ='FAC_ TRU_METRO'!#REF! -> #REF! | AC19: Viv NO VIS | AD19: ='FAC_ TRU_METRO'!#REF! -> #REF! | AE19: ='FAC_ TRU_METRO'!#REF! -> #REF! | AF19: ='FAC_ TRU_METRO'!#REF! -> #REF!
E20: COMERCIO | F20: ='FAC_ TRU_METRO'!D20 -> 9572.24 | G20: ='FAC_ TRU_METRO'!F20 -> 12000 | H20: ='FAC_ TRU_METRO'!G21 -> 114866880 | K20: COMERCIO | L20: ='FAC_ TRU_METRO'!#REF! -> #REF! | M20: ='FAC_ TRU_METRO'!#REF! -> #REF! | N20: ='FAC_ TRU_METRO'!#REF! -> #REF! | Q20: COMERCIO | R20: ='FAC_ TRU_METRO'!#REF! -> #REF! | S20: ='FAC_ TRU_METRO'!#REF! -> #REF! | T20: ='FAC_ TRU_METRO'!#REF! -> #REF! | W20: COMERCIO | X20: ='FAC_ TRU_METRO'!#REF! -> #REF! | Y20: ='FAC_ TRU_METRO'!#REF! -> #REF! | Z20: ='FAC_ TRU_METRO'!#REF! -> #REF! | AC20: COMERCIO | AD20: ='FAC_ TRU_METRO'!#REF! -> #REF! | AE20: ='FAC_ TRU_METRO'!#REF! -> #REF! | AF20: ='FAC_ TRU_METRO'!#REF! -> #REF!
G21: TOTAL | H21: =SUM(H17:H20) -> 8.1819683e+08 | M21: TOTAL | N21: =SUM(N17:N20) -> #REF! | S21: TOTAL | T21: =SUM(T17:T20) -> #REF! | Y21: TOTAL | Z21: =SUM(Z17:Z20) -> #REF! | AE21: TOTAL | AF21: =SUM(AF17:AF20) -> #REF!
E23: COSTOS | K23: COSTOS | Q23: COSTOS | W23: COSTOS | AC23: COSTOS
E24: OBLIGACIONES | H24: =SUM(H25:H34) -> 57188354 | K24: OBLIGACIONES | N24: =SUM(N25:N28) -> #REF! | Q24: OBLIGACIONES | T24: =SUM(T25:T28) -> #REF! | W24: OBLIGACIONES | Z24: =SUM(Z25:Z28) -> #REF! | AC24: OBLIGACIONES | AF24: =SUM(AF25:AF28) -> #REF!
E25: ='FAC_ TRU_METRO'!$B$30 -> (CSs) Cesión suelo Espacio Público | F25: ='FAC_ TRU_METRO'!F30 -> 5636.715 | G25: ='FAC_ TRU_METRO'!G30 -> 37448406 | K25: =E25 -> (CSs) Cesión suelo Espacio Público | L25: ='FAC_ TRU_METRO'!#REF! -> #REF! | Q25: =K25 -> (CSs) Cesión suelo Espacio Público | R25: ='FAC_ TRU_METRO'!#REF! -> #REF! | W25: =Q25 -> (CSs) Cesión suelo Espacio Público | X25: ='FAC_ TRU_METRO'!#REF! -> #REF! | AC25: =W25 -> (CSs) Cesión suelo Espacio Público | AD25: ='FAC_ TRU_METRO'!#REF! -> #REF!
E26: ='FAC_ TRU_METRO'!$B$31 -> Dotación Espacio Público | H26: ='FAC_ TRU_METRO'!G31 -> 1127343 | K26: =E26 -> Dotación Espacio Público | N26: ='FAC_ TRU_METRO'!#REF! -> #REF! | Q26: =K26 -> Dotación Espacio Público | T26: ='FAC_ TRU_METRO'!#REF! -> #REF! | W26: =Q26 -> Dotación Espacio Público | Z26: ='FAC_ TRU_METRO'!#REF! -> #REF! | AC26: =W26 -> Dotación Espacio Público | AF26: ='FAC_ TRU_METRO'!#REF! -> #REF!
E27: ='FAC_ TRU_METRO'!$B$32 -> (Vcomp) Valor Comp. CSs | H27: ='FAC_ TRU_METRO'!G32 -> 0 | K27: =E27 -> (Vcomp) Valor Comp. CSs | N27: ='FAC_ TRU_METRO'!#REF! -> #REF! | Q27: =K27 -> (Vcomp) Valor Comp. CSs | T27: ='FAC_ TRU_METRO'!#REF! -> #REF! | W27: =Q27 -> (Vcomp) Valor Comp. CSs | Z27: ='FAC_ TRU_METRO'!#REF! -> #REF! | AC27: =W27 -> (Vcomp) Valor Comp. CSs | AF27: ='FAC_ TRU_METRO'!#REF! -> #REF!
E28: ='FAC_ TRU_METRO'!$B$33 -> (PD) Pago compensatorio en dinero | H28: ='FAC_ TRU_METRO'!G33 -> 44642783 | K28: =E28 -> (PD) Pago compensatorio en dinero | N28: ='FAC_ TRU_METRO'!#REF! -> #REF! | Q28: =K28 -> (PD) Pago compensatorio en dinero | T28: ='FAC_ TRU_METRO'!#REF! -> #REF! | W28: =Q28 -> (PD) Pago compensatorio en dinero | Z28: ='FAC_ TRU_METRO'!#REF! -> #REF! | AC28: =W28 -> (PD) Pago compensatorio en dinero | AF28: ='FAC_ TRU_METRO'!#REF! -> #REF!
E29: ='FAC_ TRU_METRO'!$B$34 -> (OSP) Obligación redes servicios públicos EAAB | H29: ='FAC_ TRU_METRO'!G34 -> 5129861.6
E30: ='FAC_ TRU_METRO'!$B$35 -> Obligación VIP | H30: ='FAC_ TRU_METRO'!G35 -> 0
E31: ='FAC_ TRU_METRO'!$B$36 -> Obligación VIS | H31: ='FAC_ TRU_METRO'!G36 -> 0
E32: ='FAC_ TRU_METRO'!$B$37 -> (ACES) Aporte en sitio equip en PP | F32: ='FAC_ TRU_METRO'!F37 -> 0 | G32: ='FAC_ TRU_METRO'!G37 -> 0
E33: ='FAC_ TRU_METRO'!B38 -> 0 | H33: ='FAC_ TRU_METRO'!G38 -> 0
E34: ='FAC_ TRU_METRO'!$B$39 -> Pago Compensatorio Parq. Adicionales | H34: ='FAC_ TRU_METRO'!G39 -> 6288366.4
E35: ='FAC_ TRU_METRO'!B41 -> DEMOLICIONES
E37: ='FAC_ TRU_METRO'!$B$39 -> Pago Compensatorio Parq. Adicionales | H37: ='FAC_ TRU_METRO'!G39 -> 6288366.4 | K37: ='FAC_ TRU_METRO'!$B$39 -> Pago Compensatorio Parq. Adicionales | N37: ='FAC_ TRU_METRO'!#REF! -> #REF! | Q37: ='FAC_ TRU_METRO'!$B$39 -> Pago Compensatorio Parq. Adicionales | T37: ='FAC_ TRU_METRO'!#REF! -> #REF! | W37: ='FAC_ TRU_METRO'!$B$39 -> Pago Compensatorio Parq. Adicionales | Z37: ='FAC_ TRU_METRO'!#REF! -> #REF! | AC37: ='FAC_ TRU_METRO'!$B$39 -> Pago Compensatorio Parq. Adicionales | AF37: ='FAC_ TRU_METRO'!#REF! -> #REF!
E38: INCENTIVOS | H38: ='FAC_ TRU_METRO'!#REF! -> #REF! | K38: INCENTIVOS | N38: ='FAC_ TRU_METRO'!#REF! -> #REF! | Q38: INCENTIVOS | T38: ='FAC_ TRU_METRO'!#REF! -> #REF! | W38: INCENTIVOS | Z38: ='FAC_ TRU_METRO'!#REF! -> #REF! | AC38: INCENTIVOS | AF38: ='FAC_ TRU_METRO'!#REF! -> #REF!
E40: COSTO DIRECTO | H40: ='FAC_ TRU_METRO'!G44 -> 3.5892326e+08 | K40: COSTO DIRECTO | N40: ='FAC_ TRU_METRO'!#REF! -> #REF! | Q40: COSTO DIRECTO | T40: ='FAC_ TRU_METRO'!#REF! -> #REF! | W40: COSTO DIRECTO | Z40: ='FAC_ TRU_METRO'!#REF! -> #REF! | AC40: COSTO DIRECTO | AF40: ='FAC_ TRU_METRO'!#REF! -> #REF!
E41: ='FAC_ TRU_METRO'!B46 -> VIP | F41: ='FAC_ TRU_METRO'!D46 -> 9981.534 | G41: ='FAC_ TRU_METRO'!E46 -> 2000 | H41: ='FAC_ TRU_METRO'!G46 -> 19963068 | K41: =$E$41 -> VIP | L41: ='FAC_ TRU_METRO'!#REF! -> #REF! | M41: ='FAC_ TRU_METRO'!#REF! -> #REF! | N41: ='FAC_ TRU_METRO'!#REF! -> #REF! | Q41: =$E$41 -> VIP | R41: ='FAC_ TRU_METRO'!#REF! -> #REF! | S41: ='FAC_ TRU_METRO'!#REF! -> #REF! | T41: ='FAC_ TRU_METRO'!#REF! -> #REF! | W41: =$E$41 -> VIP | X41: ='FAC_ TRU_METRO'!#REF! -> #REF! | Y41: ='FAC_ TRU_METRO'!#REF! -> #REF! | Z41: ='FAC_ TRU_METRO'!#REF! -> #REF! | AC41: =$E$41 -> VIP | AD41: ='FAC_ TRU_METRO'!#REF! -> #REF! | AE41: ='FAC_ TRU_METRO'!#REF! -> #REF! | AF41: ='FAC_ TRU_METRO'!#REF! -> #REF!
E42: ='FAC_ TRU_METRO'!B47 -> VIS | F42: ='FAC_ TRU_METRO'!D47 -> 14972.301 | G42: ='FAC_ TRU_METRO'!E47 -> 2000 | H42: ='FAC_ TRU_METRO'!G47 -> 29944602 | K42: =$E$42 -> VIS | L42: ='FAC_ TRU_METRO'!#REF! -> #REF! | M42: ='FAC_ TRU_METRO'!#REF! -> #REF! | N42: ='FAC_ TRU_METRO'!#REF! -> #REF! | Q42: =$E$42 -> VIS | R42: ='FAC_ TRU_METRO'!#REF! -> #REF! | S42: ='FAC_ TRU_METRO'!#REF! -> #REF! | T42: ='FAC_ TRU_METRO'!#REF! -> #REF! | W42: =$E$42 -> VIS | X42: ='FAC_ TRU_METRO'!#REF! -> #REF! | Y42: ='FAC_ TRU_METRO'!#REF! -> #REF! | Z42: ='FAC_ TRU_METRO'!#REF! -> #REF! | AC42: =$E$42 -> VIS | AD42: ='FAC_ TRU_METRO'!#REF! -> #REF! | AE42: ='FAC_ TRU_METRO'!#REF! -> #REF! | AF42: ='FAC_ TRU_METRO'!#REF! -> #REF!
E43: ='FAC_ TRU_METRO'!B48 -> No VIS | F43: ='FAC_ TRU_METRO'!D48 -> 87850.04 | G43: ='FAC_ TRU_METRO'!E48 -> 2500 | H43: ='FAC_ TRU_METRO'!G48 -> 2.196251e+08 | K43: =$E$43 -> No VIS | L43: ='FAC_ TRU_METRO'!#REF! -> #REF! | M43: ='FAC_ TRU_METRO'!#REF! -> #REF! | N43: ='FAC_ TRU_METRO'!#REF! -> #REF! | Q43: =$E$43 -> No VIS | R43: ='FAC_ TRU_METRO'!#REF! -> #REF! | S43: ='FAC_ TRU_METRO'!#REF! -> #REF! | T43: ='FAC_ TRU_METRO'!#REF! -> #REF! | W43: =$E$43 -> No VIS | X43: ='FAC_ TRU_METRO'!#REF! -> #REF! | Y43: ='FAC_ TRU_METRO'!#REF! -> #REF! | Z43: ='FAC_ TRU_METRO'!#REF! -> #REF! | AC43: =$E$43 -> No VIS | AD43: ='FAC_ TRU_METRO'!#REF! -> #REF! | AE43: ='FAC_ TRU_METRO'!#REF! -> #REF! | AF43: ='FAC_ TRU_METRO'!#REF! -> #REF!
E44: ='FAC_ TRU_METRO'!B49 -> Comercio | F44: ='FAC_ TRU_METRO'!D49 -> 11965.3 | G44: ='FAC_ TRU_METRO'!E49 -> 2500 | H44: ='FAC_ TRU_METRO'!G49 -> 29913250 | K44: =$E$44 -> Comercio | L44: ='FAC_ TRU_METRO'!#REF! -> #REF! | M44: ='FAC_ TRU_METRO'!#REF! -> #REF! | N44: ='FAC_ TRU_METRO'!#REF! -> #REF! | Q44: =$E$44 -> Comercio | R44: ='FAC_ TRU_METRO'!#REF! -> #REF! | S44: ='FAC_ TRU_METRO'!#REF! -> #REF! | T44: ='FAC_ TRU_METRO'!#REF! -> #REF! | W44: =$E$44 -> Comercio | X44: ='FAC_ TRU_METRO'!#REF! -> #REF! | Y44: ='FAC_ TRU_METRO'!#REF! -> #REF! | Z44: ='FAC_ TRU_METRO'!#REF! -> #REF! | AC44: =$E$44 -> Comercio | AD44: ='FAC_ TRU_METRO'!#REF! -> #REF! | AE44: ='FAC_ TRU_METRO'!#REF! -> #REF! | AF44: ='FAC_ TRU_METRO'!#REF! -> #REF!
E45: ='FAC_ TRU_METRO'!B50 -> Equipamiento | F45: ='FAC_ TRU_METRO'!D50 -> 2514.45 | G45: ='FAC_ TRU_METRO'!E50 -> 2500 | H45: ='FAC_ TRU_METRO'!G50 -> 6286125 | K45: =$E$45 -> Equipamiento | L45: ='FAC_ TRU_METRO'!#REF! -> #REF! | M45: ='FAC_ TRU_METRO'!#REF! -> #REF! | N45: ='FAC_ TRU_METRO'!#REF! -> #REF! | Q45: =$E$45 -> Equipamiento | R45: ='FAC_ TRU_METRO'!#REF! -> #REF! | S45: ='FAC_ TRU_METRO'!#REF! -> #REF! | T45: ='FAC_ TRU_METRO'!#REF! -> #REF! | W45: =$E$45 -> Equipamiento | X45: ='FAC_ TRU_METRO'!#REF! -> #REF! | Y45: ='FAC_ TRU_METRO'!#REF! -> #REF! | Z45: ='FAC_ TRU_METRO'!#REF! -> #REF! | AC45: =$E$45 -> Equipamiento | AD45: ='FAC_ TRU_METRO'!#REF! -> #REF! | AE45: ='FAC_ TRU_METRO'!#REF! -> #REF! | AF45: ='FAC_ TRU_METRO'!#REF! -> #REF!
E46: ='FAC_ TRU_METRO'!B51 -> Sotano | F46: ='FAC_ TRU_METRO'!D51 -> 26595.559 | G46: ='FAC_ TRU_METRO'!E51 -> 2000 | H46: ='FAC_ TRU_METRO'!G51 -> 53191118 | K46: =$E$46 -> Sotano | L46: ='FAC_ TRU_METRO'!#REF! -> #REF! | M46: ='FAC_ TRU_METRO'!#REF! -> #REF! | N46: ='FAC_ TRU_METRO'!#REF! -> #REF! | Q46: =$E$46 -> Sotano | R46: ='FAC_ TRU_METRO'!#REF! -> #REF! | S46: ='FAC_ TRU_METRO'!#REF! -> #REF! | T46: ='FAC_ TRU_METRO'!#REF! -> #REF! | W46: =$E$46 -> Sotano | X46: ='FAC_ TRU_METRO'!#REF! -> #REF! | Y46: ='FAC_ TRU_METRO'!#REF! -> #REF! | Z46: ='FAC_ TRU_METRO'!#REF! -> #REF! | AC46: =$E$46 -> Sotano | AD46: ='FAC_ TRU_METRO'!#REF! -> #REF! | AE46: ='FAC_ TRU_METRO'!#REF! -> #REF! | AF46: ='FAC_ TRU_METRO'!#REF! -> #REF!
E48: ='FAC_ TRU_METRO'!B54 -> COSTOS INDIRECTOS | F48: ='FAC_ TRU_METRO'!E54 -> 0.21 | H48: ='FAC_ TRU_METRO'!G54 -> 1.7182133e+08 | K48: =$E$48 -> COSTOS INDIRECTOS | L48: ='FAC_ TRU_METRO'!#REF! -> #REF! | N48: ='FAC_ TRU_METRO'!#REF! -> #REF! | Q48: =$E$48 -> COSTOS INDIRECTOS | R48: ='FAC_ TRU_METRO'!#REF! -> #REF! | T48: ='FAC_ TRU_METRO'!#REF! -> #REF! | W48: =$E$48 -> COSTOS INDIRECTOS | X48: ='FAC_ TRU_METRO'!#REF! -> #REF! | Z48: ='FAC_ TRU_METRO'!#REF! -> #REF! | AC48: =$E$48 -> COSTOS INDIRECTOS | AD48: ='FAC_ TRU_METRO'!#REF! -> #REF! | AF48: ='FAC_ TRU_METRO'!#REF! -> #REF!
E50: ='FAC_ TRU_METRO'!B57 -> 2. TOTAL COSTOS | H50: ='FAC_ TRU_METRO'!G57 -> 5.862816e+08 | K50: =$E$50 -> 2. TOTAL COSTOS | N50: ='FAC_ TRU_METRO'!#REF! -> #REF! | Q50: =$E$50 -> 2. TOTAL COSTOS | T50: ='FAC_ TRU_METRO'!#REF! -> #REF! | W50: =$E$50 -> 2. TOTAL COSTOS | Z50: ='FAC_ TRU_METRO'!#REF! -> #REF! | AC50: =$E$50 -> 2. TOTAL COSTOS | AF50: ='FAC_ TRU_METRO'!#REF! -> #REF!
E53: MARGEN DE UTILIDAD | H53: ='FAC_ TRU_METRO'!G59 -> 2.3191523e+08 | K53: MARGEN DE UTILIDAD | N53: ='FAC_ TRU_METRO'!#REF! -> #REF! | Q53: MARGEN DE UTILIDAD | T53: ='FAC_ TRU_METRO'!#REF! -> #REF! | W53: MARGEN DE UTILIDAD | Z53: ='FAC_ TRU_METRO'!#REF! -> #REF! | AC53: MARGEN DE UTILIDAD | AF53: ='FAC_ TRU_METRO'!#REF! -> #REF!
E55: UTILIDAD | F55: ='FAC_ TRU_METRO'!E60 -> 0.15 | H55: ='FAC_ TRU_METRO'!G60 -> 1.2272952e+08 | K55: UTILIDAD | L55: ='FAC_ TRU_METRO'!#REF! -> #REF! | N55: ='FAC_ TRU_METRO'!#REF! -> #REF! | Q55: UTILIDAD | R55: ='FAC_ TRU_METRO'!#REF! -> #REF! | T55: ='FAC_ TRU_METRO'!#REF! -> #REF! | W55: UTILIDAD | X55: ='FAC_ TRU_METRO'!#REF! -> #REF! | Z55: ='FAC_ TRU_METRO'!#REF! -> #REF! | AC55: UTILIDAD | AD55: ='FAC_ TRU_METRO'!#REF! -> #REF! | AF55: ='FAC_ TRU_METRO'!#REF! -> #REF!
E57: VLR RESIDUAL SUELO | H57: =H53-H55 -> 1.091857e+08 | I57: =H57/H21 -> 0.13344675 | K57: VLR RESIDUAL SUELO | N57: =N53-N55 -> #REF! | Q57: VLR RESIDUAL SUELO | T57: =T53-T55 -> #REF! | W57: VLR RESIDUAL SUELO | Z57: =Z53-Z55 -> #REF! | AC57: VLR RESIDUAL SUELO | AF57: =AF53-AF55 -> #REF!
E59: VLR REFERENCIA SUELO | H59: ='FAC_ TRU_METRO'!G63 -> 1.0699544e+08 | K59: VLR REFERENCIA SUELO | N59: ='FAC_ TRU_METRO'!#REF! -> #REF! | Q59: VLR REFERENCIA SUELO | T59: ='FAC_ TRU_METRO'!#REF! -> #REF! | W59: VLR REFERENCIA SUELO | Z59: ='FAC_ TRU_METRO'!#REF! -> #REF! | AC59: VLR REFERENCIA SUELO | AF59: ='FAC_ TRU_METRO'!#REF! -> #REF!
E61: DIFERENCIA | H61: =H57-H59 -> 2190259.8 | I61: =H61/H21 -> 0.0026769351 | K61: DIFERENCIA | N61: =N57-N59 -> #REF! | O61: =N61/N21 -> #REF! | Q61: DIFERENCIA | T61: =T57-T59 -> #REF! | U61: =T61/T21 -> #REF! | W61: DIFERENCIA | Z61: =Z57-Z59 -> #REF! | AA61: =Z61/Z21 -> #REF! | AC61: DIFERENCIA | AF61: =AF57-AF59 -> #REF! | AG61: =AF61/AF21 -> #REF!
